 Dungeon Crawl Stone Soup version 0.31-a0-175-g9f7f995f2b (webtiles) character file.

Game seed: 8426156500544378910

1239263 TittyCrusher the Middleweight Champion (level 27, -2/224 HPs)
             Began as an Octopode Transmuter on June 17, 2023.
             Was the Champion of Cheibriados.
             Killed from afar by a hell hog (12 damage)
             ... with a fireball
             ... on level 4 of Gehenna.
             The game lasted 03:58:14 (67921 turns).

TittyCrusher the Middleweight Champion (OpTm)      Turns: 67921, Time: 03:58:15

Health: -2/224     AC:  5    Str: 74 (75) XL:     27
Magic:  23/23      EV: 63    Int: 29 (30) God:    Cheibriados [******]
Gold:   7805       SH: 30    Dex: 47 (48) Spells: 2/45 levels left

rFire   + +          .
                       - Unarmed
rCold   + . .        c - +5 kite shield {rC+}
rNeg    + . .        t - +2 hat of Starshine {rN+ Regen+ MP-9 Slay+6}
rPois   +            U - amulet of the Heavens {*Corrode Drain rPois Regen+ Str+8}
rElec   +            A - +6 ring of strength
rCorr   .            r - +6 ring of strength
SInv    +            q - +6 ring of strength
Will    ++++.        E - ring of the Leaf {rF+ Will+ Dex+6}
Stlth   ++++++++++   R - ring "Opopeisau" {rElec rF+ Will+ Dex+3 Slay+3}
HPRegen 2.17/turn    h - +6 ring of strength
MPRegen 0.18/turn    F - +6 ring of strength
                     D - ring "Taucisos" {Dex+6 SInv}

%: corrode self (3%)
@: studying 5 skills, unable to read, very slow
A: almost no armour, amphibious, 8 rings, camouflage 1, gelatinous body 1,
(nimble swimmer 1), tentacles, iridescent scales 1, agile 1, deterioration 1,
low MP 1, strong 1, inability to read after injury 2
}: 13/15 runes: decaying, serpentine, slimy, silver, iron, icy, bone, abyssal,
demonic, glowing, magical, fiery, dark
a: Renounce Religion, Bend Time, Temporal Distortion, Slouch, Step From Time


You were on level 4 of Gehenna.
You worshipped Cheibriados.
Cheibriados was exalted by your worship.
You visited 17 branches of the dungeon, and saw 80 of its levels.
You visited Pandemonium 1 time, and saw 16 of its levels.
You visited the Abyss 1 time.
You completed 1 ziggurat, and saw 27 of its levels.
You also visited: Trove, Ossuary, Ice Cave and Volcano.

You collected 14248 gold pieces.
You spent 6443 gold pieces at shops.

Inventory:

Armour
 c - a +5 kite shield of cold resistance (worn)
 j - the +0 buckler "Noan" {Str+2 Dex+2}
   (You acquired it on level 3 of the Swamp)

   Str:       It affects your strength (+2).
   Dex:       It affects your dexterity (+2).
 t - the +2 hat of Starshine (worn) {rN+ Regen+ MP-9 Slay+6}
   (You acquired it on level 1 of the Realm of Zot)

   Slay:      It affects your accuracy & damage with ranged weapons and melee
   (+6).
   rN:        It protects you from negative energy.
   MP:        It affects your magic capacity (-9).
   Regen:     It increases your rate of health regeneration.
 J - the +3 hat of Pondering {ponderous, Will+ MP+10 Int+5}
   (You found it on level 5 of the Pits of Slime)

   Int:       It affects your intelligence (+5).
   MP:        It affects your magic capacity (+10).
   Will:      It increases your willpower.
Magical Staves
 b - the staff of fire "Huce" {rF+ Int+7}
   (You found it on level 4 of a ziggurat)

   [staff of fire]

   Base accuracy: +5 Base damage: 5 Base attack delay: 1.2 This weapon's minimum
   attack delay (0.6) is reached at skill level 12.
   Int:       It affects your intelligence (+7).
   rF:        It protects you from fire.
   It falls into the 'Staves' category.
   It is a one-tentacled weapon.
Jewellery
 h - a +6 ring of strength (on tentacle)
 l - the ring of Shadows {Umbra +Inv Stlth+}
   (You bought it in a shop on level 2 of the Orcish Mines)

   [ring of stealth]

   Umbra:     It surrounds you with an aura of shadow, increasing your stealth
   and reducing the accuracy of all others within it.
   +Inv:      It lets you turn invisible.
   Stlth:     It makes you more stealthy.
 q - a +6 ring of strength (on tentacle)
 r - a +6 ring of strength (right tentacle)
 A - a +6 ring of strength (left tentacle)
 D - the ring "Taucisos" (on tentacle) {Dex+6 SInv}
   (You took it off a yaktaur captain on level 5 of the Vaults)

   [ring of dexterity]

   Dex:       It affects your dexterity (+6).
   SInv:      It lets you see invisible.
 E - the ring of the Leaf (on tentacle) {rF+ Will+ Dex+6}
   (You found it on level 14 of a ziggurat)

   [ring of dexterity]

   Dex:       It affects your dexterity (+6).
   rF:        It protects you from fire.
   Will:      It increases your willpower.
 F - a +6 ring of strength (on tentacle)
 L - a ring of resist corrosion
 R - the ring "Opopeisau" (on tentacle) {rElec rF+ Will+ Dex+3 Slay+3}
   (You found it in an ice cave)

   [ring of protection from fire]

   Dex:       It affects your dexterity (+3).
   Slay:      It affects your accuracy & damage with ranged weapons and melee
   (+3).
   rF:        It protects you from fire.
   rElec:     It insulates you from electricity.
   Will:      It increases your willpower.
 S - a ring of protection from cold
 T - the ring "Ecsustrea" {Fly rN+}
   (You took it off a deep elf zephyrmancer on level 3 of the Elven Halls)

   [ring of flight]

   rN:        It protects you from negative energy.
   Fly:       It grants you flight.
 U - the amulet of the Heavens (around mantle) {*Corrode Drain rPois Regen+ Str+8}
   (You found it on level 1 of the Snake Pit)

   [amulet of regeneration]

   Str:       It affects your strength (+8).
   rPois:     It protects you from poison.
   Regen:     It increases your rate of health regeneration.
   *Corrode:  It may corrode you when you take damage.
   Drain:     It drains your maximum health when unequipped.
 V - the ring of Punes {Wiz Will+ Int+3}
   (You found it in an ice cave)

   [ring of wizardry]

   It improves your spell success rate.
   Int:       It affects your intelligence (+3).
   Will:      It increases your willpower.
 X - the ring "Alygg" {rN+ Will+ Stlth+}
   (You found it on level 3 of the Crypt)

   [ring of positive energy]

   rN:        It protects you from negative energy.
   Will:      It increases your willpower.
   Stlth:     It makes you more stealthy.
Wands
 B - a wand of mindburst (112)
 G - a wand of roots (187)
 K - a wand of paralysis (116)
 Y - a wand of digging (12)
Scrolls
 i - 7 scrolls of summoning
 m - 15 scrolls of vulnerability
 p - 6 scrolls of torment
 x - 9 scrolls of immolation
 H - 6 scrolls of blinking
 I - 19 scrolls of fog
 N - 12 scrolls of fear
 O - 36 scrolls of teleportation
 P - 5 scrolls of silence
 Q - 6 scrolls of revelation
 W - 4 scrolls of enchant armour
 Z - 5 scrolls of poison
Potions
 a - 15 potions of brilliance
 d - a potion of lignification
 e - 10 potions of enlightenment
 f - 31 potions of curing
 g - 7 potions of mutation
 k - 7 potions of invisibility
 n - 5 potions of magic
 o - 6 potions of heal wounds
 s - 6 potions of cancellation
 u - 8 potions of resistance
 v - 9 potions of attraction
 w - 6 potions of ambrosia
 z - 18 potions of haste
 C - 5 potions of might
Miscellaneous
 y - a condenser vane
 M - a lightning rod (4/4)


   Skills:
 O Level 27 Fighting
 O Level 27 Dodging
 - Level 20.0 Stealth
 O Level 27 Shields
 O Level 27 Unarmed Combat
 - Level 9.6 Spellcasting
 - Level 14.2 Necromancy
 - Level 3.0 Translocations
 - Level 14.7 Transmutations
 - Level 22.4 Fire Magic
 - Level 4.8 Ice Magic
 + Level 22.9 Earth Magic
 - Level 6.2 Poison Magic
 - Level 12.6 Invocations
 - Level 12.7 Evocations


You had 2 spell levels left.
You knew the following spells:

 Your Spells              Type           Power      Damage    Failure   Level
a - Statue Form           Tmut/Erth      59%        N/A       1%          6
b - Wereblood             Tmut           78%        N/A       0%          2
c - Blink                 Tloc           62%        N/A       1%          2
d - Ignition              Fire           48%        3d14      2%          8
e - Necromutation         Tmut/Necr      39%        N/A       56%         8
f - Apportation           Tloc           62%        N/A       1%          1
g - Dragon Form           Tmut           39%        N/A       8%          7
h - Shatter               Erth           49%        3d38*     32%         9

Your spell library contained the following spells:

 Spells                   Type           Power      Damage    Failure   Level
 Beastly Appendage        Tmut           100%       N/A       0%          1
 Necrotise                Necr           100%       1d9       0%          1
 Sandblast                Erth           100%       2d20      0%          1
 Passwall                 Tmut/Erth      74%        N/A       0%          2
 Scorch                   Fire           100%       2d9       0%          2
 Foxfire                  Conj/Fire      100%       2x1d9     1%          1
 Freeze                   Ice            100%       1d10      1%          1
 Kiss of Death            Conj/Necr      100%       2d13      1%          1
 Sting                    Tmut/Pois      100%       1d8       1%          1
 Cigotuvi's Dreadful Rot  Necr/Pois/Air  100%       N/A       1%          2
 Lesser Beckoning         Tloc           62%        N/A       1%          2
 Poisonous Vapours        Pois/Air       62%        N/A       1%          2
 Sublimation of Blood     Necr           77%        N/A       1%          2
 Ensorcelled Hibernation  Hex/Ice        56%        N/A       2%          2
 Momentum Strike          Conj/Tloc      44%        3d9       3%          2
 Magic Dart               Conj           52%        1d5       4%          1
 Slow                     Hex            52%        N/A       4%          1
 Summon Small Mammal      Summ           52%        N/A       4%          1
 Call Imp                 Summ           26%        N/A       6%          2
 Static Discharge         Conj/Air       26%        2-4/arc   6%          2
 Petrify                  Tmut/Erth      89%        N/A       0%          4
 Lee's Rapid Deconstruct  Erth           49%        3d23*     0%          5
 Frozen Ramparts          Ice            84%        1d13      1%          3
 Ignite Poison            Fire/Tmut/Pois 78%        N/A       1%          3
 Inner Flame              Hex/Fire       68%        N/A       1%          3
 Ozocubu's Armour         Ice            42%        N/A       1%          3
 Spider Form              Tmut/Pois      65%        N/A       1%          3
 Stone Arrow              Conj/Erth      100%       3d13      1%          3
 Vampiric Draining        Necr           77%        2d11      1%          3
 Volatile Blastmotes      Fire/Tloc      100%       2d18      1%          3
 Anguish                  Hex/Necr       26%        N/A       1%          4
 Dispel Undead            Necr           77%        3d25      1%          4
 Flame Wave               Conj/Fire      68%        2d15      1%          4
 Ice Form                 Ice/Tmut       63%        N/A       1%          4
 Leda's Liquefaction      Hex/Erth       34%        N/A       1%          4
 Sticky Flame             Conj/Fire      68%        2d8       1%          4
 Agony                    Necr           77%        N/A       1%          5
 Alistair's Intoxication  Tmut/Pois      43%        N/A       1%          5
 Blade Hands              Tmut           39%        N/A       1%          5
 Borgnjor's Vile Clutch   Necr/Erth      44%        N/A       1%          5
 Fireball                 Conj/Fire      34%        3d14      1%          5
 Death Channel            Necr           38%        N/A       1%          6
 Gell's Gravitas          Tloc           31%        N/A       3%          3
 Teleport Other           Tloc           31%        N/A       3%          3
 Olgreb's Toxic Radiance  Pois           49%        N/A       3%          4
 Hailstorm                Conj/Ice       28%        3d8       4%          3
 Mephitic Cloud           Conj/Pois/Air  25%        N/A       4%          3
 Irradiate                Conj/Tmut      27%        3d20      5%          5
 Yara's Violent Unravell  Hex/Tmut       27%        3d12      5%          5
 Leda's Unmaking          Conj/Erth      34%        9d6       5%          6
 Portal Projectile        Hex/Tloc       44%        N/A       6%          3
 Vhi's Electric Charge    Tloc/Air       44%        N/A       6%          3
 Plasma Beam              Fire/Air       34%        2x1d47    6%          6
 Starburst                Conj/Fire      34%        6d10      6%          6
 Eringya's Noxious Bog    Tmut/Pois      32%        N/A       9%          6
 Manifold Assault         Tloc           31%        N/A       11%         4
 Passage of Golubria      Tloc           31%        N/A       11%         4
 Call Canine Familiar     Summ           13%        N/A       12%         3
 Confusing Touch          Hex            13%        N/A       12%         3
 Dazzling Flash           Conj/Hex       26%        N/A       12%         3
 Summon Guardian Golem    Hex/Summ       13%        N/A       12%         3
 Swiftness                Air            13%        N/A       12%         3
 Tukima's Dance           Hex            13%        N/A       12%         3
 Simulacrum               Ice/Necr       31%        N/A       12%         6
 Summon Ice Beast         Ice/Summ       28%        N/A       14%         4
 Iskenderun's Mystic Bla  Conj/Tloc      22%        2d6       22%         4
 Airstrike                Air            6%         2d(1-17)  36%         4
 Cause Fear               Hex            6%         N/A       36%         4
 Fulminant Prism          Conj/Hex       6%         3d6       36%         4
 Summon Lightning Spire   Summ/Air       13%        N/A       36%         4
 Metabolic Englaciation   Hex/Ice        14%        N/A       38%         5
 Freezing Cloud           Conj/Ice/Air   11%        6-21      50%         5
 Summon Forest            Summ/Tloc      11%        N/A       52%         5
 Borgnjor's Revivificati  Necr           38%        N/A       58%         8
 Arcjolt                  Conj/Air       6%         1d16      73%         5
 Iskenderun's Battlesphe  Conj           13%        2d7       73%         5
 Silence                  Hex/Air        6%         N/A       73%         5
 Summon Mana Viper        Hex/Summ       13%        N/A       73%         5
 Dispersal                Tloc           15%        N/A       86%         6
 Haunt                    Necr/Summ      26%        N/A       87%         7
 Lehudib's Crystal Spear  Conj/Erth      34%        10d9      93%         8
 Conjure Ball Lightning   Conj/Air       6%         3x3d6     99%         6
 Summon Cactus Giant      Summ           6%         N/A       99%         6
 Ozocubu's Refrigeration  Ice            21%        4d12      99%         7
 Enfeeble                 Hex            6%         N/A       100%        7
 Malign Gateway           Summ/Tloc      11%        N/A       100%        7
 Monstrous Menagerie      Summ           6%         N/A       100%        7
 Orb of Destruction       Conj           6%         9d6       100%        7
 Spellforged Servitor     Conj/Summ      6%         N/A       100%        7
 Summon Hydra             Summ           6%         N/A       100%        7
 Discord                  Hex            6%         N/A       100%        8
 Disjunction              Tloc           15%        N/A       100%        8
 Death's Door             Necr           38%        N/A       100%        9
 Dragon's Call            Summ           6%         N/A       100%        9
 Polar Vortex             Ice            21%        N/A       100%        9


Dungeon Overview and Level Annotations

Branches:
Dungeon (15/15)            Temple (1/1) D:5            Lair (5/5) D:11
  Swamp (4/4) Lair:2        Snake (4/4) Lair:2        Slime (5/5) Lair:5
    Orc (2/2) D:10            Elf (3/3) Orc:2        Vaults (5/5) D:14
  Crypt (3/3) Vaults:2       Tomb (0/3) Crypt:3      Depths (4/4) D:15
   Hell (visited)             Dis (7/7) Hell            Geh (4/7) Hell
    Coc (7/7) Hell            Tar (7/7) Hell            Zot (5/5) Depths:4
Ossuary (visited)           IceCv (visited)         Volcano (visited)

Altars:
Ashenzari
Cheibriados
Dithmenos
Fedhas
Gozag
Hepliaklqana
Kikubaaqudgha
Makhleb
Nemelex Xobeh
Okawaru
Qazlal
Ru
Sif Muna
Trog
Uskayaw
Vehumet
Wu Jian
Xom
Yredelemnul
Zin
The Shining One
Lugonu

Shops:
D:7 [   Orc:1 (*   Orc:2 =[?[   Elf:1 **   Elf:2 =:=   Snake:3 :   Vaults:1 ?
Vaults:2 ?   Vaults:3 (?(   Depths:2 (

Portals:
Hell: Depths:1 Depths:2 Depths:3 Depths:4
Abyss: Lair:5 Depths:3
Pandemonium: Depths:2 Depths:3

Annotations:
D:6 3 runed translucent doors, Smol's ghost, novice FoFi
Temple 2 transporters
Lair:4 exclusion: oklob plant, Rupert
Swamp:4 3 runed translucent doors, jasper's ghost, adept SpCj
Elf:2 3 runed translucent doors
Coc:7 exclusion: ice statue


Innate Abilities, Weirdness & Mutations

You cannot wear most types of armour.
You are amphibious.
You can wear up to eight rings at the same time.
Your skin changes colour to match your surroundings (Stealth+).
Your rubbery body absorbs attacks. (AC +1, EV +1)
((You are camouflaged when in or above water. (Stealth+)))
You have tentacles for arms and can constrict up to eight enemies at once.
You are partially covered in iridescent scales. (AC +2)
You are agile. (Dex +4, Str/Int -1)
Your body sometimes deteriorates upon taking damage.
Your magical capacity is low. (-10% MP)
Your muscles are strong. (Str +4, Int/Dex -1)
You sometimes lose the ability to read scrolls when taking damage.


Message History

The fireball explodes!
The fireball engulfs you! You resist.
* * * LOW HITPOINT WARNING * * *
The hell hog breathes fire at you.
The fireball explodes!
The fireball engulfs you! You resist.
* * * LOW HITPOINT WARNING * * *
Unknown command.
Unknown command.
Unknown command.
Okay, then.
You feel much better. The hell hog breathes fire at you.
The fireball explodes!
The fireball engulfs you. You resist.
* * * LOW HITPOINT WARNING * * *
Unknown command.
Unknown command.
Unknown command.
Unknown command.
You feel much better.
The iron dragon breathes metal splinters at you.
The spray of metal splinters hits you!!!
* * * LOW HITPOINT WARNING * * *
Your body deteriorates!
You feel dopey.
Unknown command.
Unknown command.
Unknown command.
Unknown command.
The hell hog breathes fire at you.
The fireball explodes!
The fireball engulfs you! You resist.
* * * LOW HITPOINT WARNING * * *
The hell hog breathes fire at you.
The fireball explodes!
The fireball engulfs you! You resist.
* * * LOW HITPOINT WARNING * * *
The iron dragon breathes metal splinters at you.
The spray of metal splinters misses you.
The hell hog breathes fire at you.
The fireball explodes!
The fireball engulfs you. You resist.
* * * LOW HITPOINT WARNING * * *
The hell hog breathes fire at you.
The fireball explodes!
The fireball engulfs you! You resist.
You die...

........#..#).#..##......##
...........)).....#.......#
....§...≈§..≈))...........#
...≈≈§...≈≈≈≈..............
..≈≈≈§....§≈..⌠..##'#....##
...§§≈§§...≈≈...##..##.....
...≈≈§≈§≈§.§....#....#...##
..§≈≈§§#≈.......#....#....#
#########.@.######..##∩≈..#
#..h≈...≈D..#####≈≈≈.##
#..h§..§§D..# ≈≈§≈§..#
#..h≈...≈...#≈≈≈§≈≈§.##
#≈§§#...#≈≈≈#§≈§≈≈≈≈..
..............§≈≈≈≈≈≈..#
...............§≈≈≈≈≈..#
....v..........≈≈≈≈≈≈..#
.#≈≈≈#...#≈≈§#.≈


You could see 2 iron dragons, 3 hell hogs and a fire vortex.

Vanquished Creatures
  Cerebov (Pan)
  Antaeus (Coc:7)
  the Royal Jelly (Slime:5)
  Gloorx Vloq (Pan)
  7 pandemonium lords
  Ereshkigal (Tar:7)
  Ignacio (Pan)
  Mnoleg (Pan)
  A seraph (Pan)
  Lom Lobon (Pan)
  Dispater (Dis:7)
  7 orbs of fire (Zot:5)
  11 dread liches
  Mennas (Vaults:3)
  14 ancient liches
  Mara (Snake:3)
  4 juggernauts
  7 royal mummies (Zig:17)
  19 shard shrikes
  31 caustic shrikes
  Vashnia (Snake:3)
  2 curse toes (Zig:2)
  Geryon (Hell)
  5 Killer Klowns
  20 golden dragons
  2 pearl dragons
  16 profane servitors
  The ghost of Katt the Executioner, an adept MiFi of the Shining One (Crypt:1)
  19 bone dragons
  15 Tzitzimimeh
  9 Brimstone Fiends
  4 doom hounds
  A shard shrike zombie (Abyss:3)
  14 iron giants
  3 electric golems
  A spectral shard shrike (Tar:7)
  23 Hell Sentinels
  10 liches
  3 hellephants (Zig:6)
  12 tentacled monstrosities
  Mlioglotl (Swamp:2)
  9 tainted leviathans (Tar:7)
  18 deep elf blademasters
  21 Ice Fiends
  A walking earthen tome (Depths:3)
  25 Orb Guardians (Zot:5)
  30 ancient champions
  20 acid blobs
  8 quicksilver dragons
  7 searing wretches
  20 titans
  6 tentacled starspawn (Abyss:3)
  6 death cobs
  Frances (Swamp:2)
  7 deep elf master archers
  11 sphinxes
  An eldritch tentacle (Pan)
  18 Executioners
  4 thorn hunters
  8 tengu reavers
  10 shadow dragons
  10 storm dragons
  Donald (Snake:3)
  6 draconian monks
  22 azure jellies
  20 narguns
  10 revenants
  A fenstrider witch (Swamp:3)
  7 demonspawn warmongers
  12 draconian knights
  12 rockslimes
  24 nagarajas
  22 fire giants
  5 iron dragons
  17 daevas
  11 deep elf sorcerers
  Aizul (Swamp:2)
  9 quicksilver elementals
  15 frost giants
  5 draconian scorchers
  9 shard shrike simulacra
  A spectral caustic shrike (Tar:2)
  3 ghost moths
  8 curse skulls
  11 ghouls
  18 angels
  A juggernaut zombie (Abyss:3)
  12 cacodemons
  10 draconian shifters
  A caustic shrike zombie (Crypt:3)
  16 vault wardens
  5 deep elf elementalists
  29 very ugly things
  22 balrugs
  11 demonspawn corrupters
  4 orc warlords
  21 ironbound preservers
  20 reapers
  A caustic shrike skeleton (Hell)
  4 draconian stormcallers
  8 draconian annihilators
  38 war gargoyles
  4 demonspawn blood saints
  2 juggernaut skeletons
  8 ironbound thunderhulks
  7 formless jellyfish
  16 quicksilver oozes
  2 broodmothers (Zig:7)
  11 apis
  27 elemental wellsprings
  Nessos (Lair:5)
  15 stone giants
  11 vampire knights
  13 ophanim (Pan)
  14 black draconians
  24 putrid mouths
  10 yellow draconians
  8 green draconians
  7 eleionomae
  4 spark wasps
  8 bunyips
  A spectral titan (Tar:3)
  8 deep elf annihilators
  14 dire elephants
  5 lorocyprocas
  7 red draconians
  14 deep elf demonologists
  10 demonspawn black suns
  20 wendigos
  16 white draconians
  Snorg (D:13)
  A spark wasp (shapeshifter) (Vaults:5)
  8 purple draconians
  13 blizzard demons
  37 iron golems
  13 deep elf death magi
  2 crystal guardians
  7 mummy priests
  6 shambling mangroves
  12 ettins
  21 green deaths
  2 quicksilver dragon zombies
  22 eidola
  A spectral quicksilver dragon (Tar:2)
  3 fire dragons
  Josephine (D:10)
  3 jiangshi
  18 deep elf high priests
  26 yaktaur captains
  A spectral fenstrider witch (Tar:2)
  3 spriggan zombies (Crypt:3)
  22 salamander tyrants
  6 entropy weavers
  2 spectral spriggans
  29 vault guards
  16 great orbs of eyes
  28 hydras
  11 ogre magi
  9 rakshasas
  5 spriggan air magi
  Erolcha (Orc:1)
  6 ice dragons
  A catoblepas (D:15)
  9 hell beasts
  A spriggan skeleton (Crypt:2)
  13 caustic shrike simulacra
  2 peacekeepers
  Harold (D:10)
  7 centaur warriors
  5 juggernaut simulacra
  2 boulder beetles
  12 anacondas
  6 ironbound frosthearts
  A radroach (shapeshifter) (Zig:26)
  An anaconda (shapeshifter) (Vaults:5)
  4 ghost crabs
  11 alligators
  26 dancing weapons
  2 stokers (Geh:4)
  19 vampire magi
  7 death knights
  7 deep troll shamans
  9 deep troll earth magi
  17 naga warriors
  7 tengu warriors
  5 demonic crawlers
  22 two-headed ogres
  18 hell hogs
  22 naga sharpshooters
  A spectral dire elephant (Tar:4)
  A spectral storm dragon (Tar:1)
  7 thrashing horrors
  A spectral naga (Tar:3)
  A death scarab (Zig:17)
  5 orc high priests
  7 shock serpents
  7 spriggan berserkers
  35 soul eaters
  A titan zombie (Crypt:1)
  23 deep elf knights
  53 sun demons
  25 crystal echidnas
  2 storm dragon zombies
  4 wretched stars
  A titan skeleton (Hell)
  9 hell knights
  A pharaoh ant (Zig:7)
  2 spark wasp zombies (Depths:3)
  A skyshark (Lair:4)
  A golden dragon zombie (Zig:17)
  5 salamander mystics
  38 shadow wraiths
  30 skeletal warriors
  A goliath frog (shapeshifter) (Zig:26)
  7 goliath frogs
  14 sixfirhies
  12 iron trolls
  54 deep trolls
  A fire crab (Volcano)
  A spectral bunyip (Tar:2)
  Lodul (D:10)
  A spectral anaconda (Tar:1)
  4 bunyip zombies
  13 cherubim
  7 quicksilver dragon simulacra
  A storm dragon skeleton (Pan)
  A deep troll (shapeshifter) (Zig:26)
  7 shadow demons
  An orb spider (Zig:7)
  5 spriggan druids
  4 death drakes
  19 swamp dragons
  9 lindwurms
  33 deep elf archers
  8 naga ritualists
  3 spriggan simulacra (Coc:7)
  13 bog bodies
  15 flayed ghosts
  A swamp dragon (shapeshifter) (Vaults:5)
  3 obsidian statues
  3 glowing orange brains
  A tengu zombie (Zig:17)
  A kraken simulacrum (Coc:7)
  2 anaconda zombies
  14 wizards
  An anaconda skeleton (Hell)
  25 phantasmal warriors
  24 ironbound convokers
  An iron giant skeleton (Crypt:1)
  4 orange crystal statues
  40 deep elf zephyrmancers
  7 harpies (Vaults:2)
  45 deep elf pyromancers
  16 orc knights
  8 necromancers
  28 ugly things
  12 mana vipers
  A cyclops (shapeshifter) (Zig:26)
  2 tengu skeletons (Zig:17)
  11 cyclopes
  12 will-o-the-wisps
  10 shining eyes
  4 orc sorcerers
  6 manticores
  6 worldbinders (Abyss:3)
  5 wolf spiders
  A shadow dragon skeleton (Crypt:1)
  A shining eye (shapeshifter) (Zig:26)
  A stone giant zombie (Crypt:3)
  A manticore (shapeshifter) (Depths:1)
  21 salamanders
  23 moths of wrath
  2 spectral centaurs
  Joseph (D:10)
  17 naga magi
  5 ice statues
  2 dire elephant zombies (Crypt:3)
  4 rust devils
  A frost giant skeleton (Depths:3)
  2 eyes of devastation
  An apocalypse crab (Zig:27)
  2 molten gargoyles (Hell)
  37 black mambas
  4 gargoyles
  A water nymph (shapeshifter) (Zig:26)
  A water nymph (Abyss:3)
  A guardian serpent (shapeshifter) (Lair:5)
  7 guardian serpents
  An eye of devastation (shapeshifter) (Zig:26)
  A centaur skeleton (Pan)
  30 smoke demons
  23 vault sentinels
  A torpor snail (Lair:5)
  10 cane toads
  A titan simulacrum (Coc:7)
  4 unseen horrors (Tar:7)
  A cane toad (shapeshifter) (Zig:26)
  13 orange demons
  Maggie (D:9)
  A yellow draconian zombie (Crypt:1)
  18 hellions
  2 kobold demonologists (D:12)
  11 freezing wraiths
  36 yaktaurs
  2 bunyip simulacra
  5 efreet
  2 unseen horrors (shapeshifter) (Zig:26)
  25 tormentors
  4 anaconda simulacra
  9 komodo dragons
  2 golden dragon simulacra
  A sea snake skeleton (Hell)
  A sea snake zombie (Hell)
  4 ancient zymes
  10 ice devils
  12 hellwings
  2 harpy zombies
  5 rime drakes
  An unseen horror skeleton (Crypt:2)
  11 guardian mummies
  3 iron giant simulacra
  A silent spectre (Tar:5)
  2 hydra zombies (Hell)
  18 trolls
  A death yak skeleton (Crypt:2)
  A queen bee (shapeshifter) (Zig:26)
  3 spectral harpies
  2 polar bears
  A minotaur skeleton (Crypt:2)
  7 red devils
  A meliai (shapeshifter) (Abyss:3)
  A wind drake (shapeshifter) (Zig:21)
  24 hornets
  3 meliai (D:14)
  10 tyrant leeches
  A hornet (shapeshifter) (Zig:18)
  37 large abominations
  A bloated husk (Swamp:1)
  A tarantella (Vaults:3)
  A tyrant leech (shapeshifter) (Zig:26)
  6 raiju (Abyss:3)
  A tarantella (shapeshifter) (Vaults:5)
  24 blink frogs
  2 alligator zombies (Hell)
  2 snapping turtles (shapeshifter) (Zig:26)
  A stone giant simulacrum (Coc:1)
  4 jumping spiders
  An iron dragon simulacrum (Coc:1)
  A fire dragon skeleton (Pan)
  5 dire elephant simulacra
  78 slime creatures
  3 culicivoras
  5 flying skulls (Zig:17)
  2 shadows
  6 air elementals
  25 wraiths
  17 ynoxinuls
  19 spriggans
  A vampire (D:9)
  10 water elementals
  2 ettin skeletons
  3 wyverns
  7 fire bats (Volcano)
  27 yaks
  Grum (D:9)
  A golden eye (Zig:22)
  31 starcursed masses (Abyss:3)
  4 ushabtiu (Zig:17)
  21 chaos spawn
  12 basilisks
  9 fire elementals
  19 humans (D:14)
  12 redbacks
  4 steam dragons
  A spatial vortex (Abyss:3)
  A steam dragon (shapeshifter) (Zig:26)
  A naga zombie (Crypt:3)
  17 swamp worms
  14 vampire mosquitoes
  19 neqoxecs
  45 nagas
  A faun zombie (Crypt:1)
  9 harpy simulacra
  4 wargs
  16 small abominations
  An acid dragon (shapeshifter) (Vaults:5)
  2 glowing shapeshifter zombies
  9 water moccasins
  2 hydra simulacra (Coc:4)
  2 acid dragons
  A floating eye (Depths:4)
  14 swamp drakes
  2 black bears
  A swamp dragon zombie (Crypt:3)
  A hornet zombie (D:6)
  26 orc warriors
  An ice beast (D:6)
  A black bear (shapeshifter) (Vaults:3)
  2 ettin simulacra
  13 wolves
  12 centaurs
  A torpor snail zombie (Crypt:2)
  33 ogres
  2 phantoms
  2 snapping turtle skeletons (Crypt:2)
  2 kobold brigands
  8 bullfrogs
  2 gnoll sergeants
  13 necrophages (Crypt:3)
  A scorpion (D:5)
  An elf zombie (Crypt:1)
  2 naga simulacra (Coc:7)
  4 earth elementals
  6 wyvern skeletons (Crypt:3)
  4 wights (D:8)
  11 killer bees
  3 lindwurm simulacra (IceCv)
  2 electric eels (Elf:3)
  4 howler monkeys
  A wolf skeleton (Crypt:2)
  6 komodo dragon simulacra (IceCv)
  A black bear zombie (Crypt:2)
  3 centaur zombies
  3 hounds (D:6)
  2 quasits (Abyss:3)
  3 jellies
  12 orc priests
  A basilisk zombie (Crypt:1)
  A sleepcap (D:5)
  A human skeleton (Crypt:1)
  2 iguanas (D:6)
  23 orc wizards
  10 hell rats
  23 mummies
  8 adders
  12 gnolls
  A swamp drake zombie (Crypt:1)
  5 acid dragon simulacra (IceCv)
  4 shadow imps
  3 white imps
  An ufetubus (Abyss:3)
  7 steam dragon simulacra (IceCv)
  2 worms (D:2)
  A dart slug (D:4)
  86 orcs
  5 bats
  3 endoplasms
  3 giant cockroaches
  10 goblins
  12 hobgoblins
  4 jackals
  13 kobolds
  2 quokkas
  10 ball pythons
  2 frilled lizards (D:1)
  A gnoll zombie (Ossuary)
  2 goblin zombies (D:7)
  4 hobgoblin zombies (Ossuary)
  3 kobold zombies (Ossuary)
  2 orc zombies
  4 rats
  A creeping inferno (Geh:1)
  3 fire vortices (Geh:4)
  2 starspawn tentacles (Abyss:3)
4116 creatures vanquished.

Vanquished Creatures (collateral kills)
  A ynoxinul (Pan)
1 creature vanquished.

Vanquished Creatures (others)
  A Killer Klown (Zig:27)
  A draconian knight (Zig:12)
  3 very ugly things (Zig:27)
  A green death (Zig:20)
  A blizzard demon (Pan)
  4 juggernaut simulacra (Coc:4)
  A caustic shrike simulacrum (Coc:7)
  A two-headed ogre (Orc:2)
  A deep elf knight (Elf:1)
  A spriggan simulacrum (Coc:4)
  3 quicksilver dragon simulacra
  2 ugly things (Zig:27)
  A vault sentinel (Zig:26)
  An apocalypse crab (Zig:27)
  A titan simulacrum (Coc:3)
  A yaktaur (Vaults:5)
  An anaconda simulacrum (Coc:6)
  An iron giant simulacrum (Coc:4)
  2 tormentors
  A red devil (Hell)
  A tyrant leech (Swamp:1)
  A bloated husk (Zig:20)
  An iron dragon simulacrum (Coc:5)
  A jumping spider (shapeshifter) (Zig:27)
  2 dire elephant simulacra
  A naga simulacrum (Coc:4)
  A redback (shapeshifter) (Zig:27)
  6 harpy simulacra
  2 ettin simulacra (Coc:5)
  A starcursed mass (Abyss:3)
  A shadow imp (Abyss:3)
  3 ball lightnings (Pan)
  A creeping inferno (Geh:4)
  51 foxfires
  2 lurking horrors (Abyss:3)
  11 starspawn tentacles (Abyss:3)
115 creatures vanquished.

Grand Total: 4232 creatures vanquished

Notes
Turn   | Place    | Note
-------+----------+-------------------------------------------
     0 | D:1      | TittyCrusher the Octopode Transmuter began the quest for
                  | the Orb.
     0 | D:1      | Reached XP level 1. HP: 13/13 MP: 3/3
   266 | D:1      | Reached XP level 2. HP: 18/18 MP: 5/5
   484 | D:1      | Learned a level 2 spell: Wereblood
  1299 | D:2      | Reached XP level 3. HP: 23/23 MP: 6/6
  1326 | D:2      | Learned a level 3 spell: Spider Form
  1475 | D:2      | Reached XP level 4. HP: 36/36 MP: 7/7
  1476 | D:2      | Reached XP level 5. HP: 44/44 MP: 8/8
  2284 | D:3      | Found a faded altar of an unknown god.
  2407 | D:3      | Found a burning altar of Makhleb.
  2489 | D:3      | Found an ancient bone altar of Kikubaaqudgha.
  2935 | D:4      | Reached XP level 6. HP: 50/50 MP: 9/9
  3139 | D:4      | Noticed a black bear
  3150 | D:4      | Killed a black bear
  3151 | D:4      | Reached XP level 7. HP: 51/54 MP: 10/10
  3172 | D:4      | Learned a level 4 spell: Ice Form
  3450 | D:5      | Entered Level 5 of the Dungeon
  3509 | D:5      | Reached skill level 1 in Ice Magic
  4044 | D:5      | Reached XP level 8. HP: 61/61 MP: 11/11
  4300 | D:5      | Found a staircase to the Ecumenical Temple.
  4306 | Temple   | Entered the Ecumenical Temple
  4306 | Temple   | Found a transporter.
  4306 | Temple   | Found a transporter.
  4308 | Temple   | Found a transporter.
  4308 | Temple   | Found a transporter.
  4322 | Temple   | Became a worshipper of Cheibriados the Contemplative
  4657 | D:6      | Found a runed translucent gate.
  4657 | D:6      | Found a runed translucent gate.
  4657 | D:6      | Found a runed translucent gate.
  4657 | D:6      | Noticed Smol's ghost (novice FoFi)
  4659 | D:6      | Found a basalt altar of Yredelemnul.
  4910 | D:6      | Reached * piety under Cheibriados
  5626 | D:7      | Noticed a hornet
  5633 | D:7      | Killed a hornet
  5634 | D:7      | Reached XP level 9. HP: 65/65 MP: 12/12
  5659 | D:7      | Found Ysorarubb's Antique Armour Shop.
  5744 | D:7      | Found a sand-covered staircase.
  5750 | Ossuary  | Entered an ossuary
  6141 | D:7      | Reached ** piety under Cheibriados
  6726 | D:8      | Noticed a two-headed ogre
  6730 | D:8      | Killed a two-headed ogre
  6731 | D:8      | Reached skill level 10 in Unarmed Combat
  7055 | D:8      | Reached skill level 5 in Transmutations
  7055 | D:8      | Reached XP level 10. HP: 72/72 MP: 13/13
  7971 | D:9      | Reached *** piety under Cheibriados
  8001 | D:9      | Noticed a two-headed ogre
  8014 | D:9      | Killed a two-headed ogre
  8152 | D:9      | Noticed Maggie
  8176 | D:9      | Killed Maggie
  8504 | D:9      | Noticed Grum
  8529 | D:9      | Killed Grum
  8666 | D:10     | Entered Level 10 of the Dungeon
  8666 | D:10     | Noticed Josephine
  8776 | D:10     | Noticed Harold
  8776 | D:10     | Noticed Lodul
  8778 | D:10     | Noticed a two-headed ogre
  8786 | D:10     | Killed Harold
  8787 | D:10     | Reached XP level 11. HP: 40/76 MP: 11/14
  8791 | D:10     | Killed a two-headed ogre
  8801 | D:10     | Killed Lodul
  8802 | D:10     | Reached skill level 5 in Invocations
  8825 | D:10     | Noticed a two-headed ogre
  8831 | D:10     | Killed a two-headed ogre
  8842 | D:10     | Killed Josephine
  8842 | D:10     | Reached **** piety under Cheibriados
  9027 | D:10     | Noticed an eight-headed hydra
  9037 | D:10     | Killed an eight-headed hydra
  9201 | D:10     | Found a staircase to the Orcish Mines.
  9205 | D:10     | Noticed Joseph
  9214 | D:10     | Killed Joseph
  9854 | D:11     | Noticed a manticore
  9859 | D:11     | Found a staircase to the Lair.
  9865 | D:11     | Reached XP level 12. HP: 85/85 MP: 18/18
 10177 | D:11     | Reached ***** piety under Cheibriados
 10261 | D:11     | Reached skill level 10 in Fighting
 10301 | Lair:1   | Entered Level 1 of the Lair of Beasts
 10311 | Lair:1   | Learned a level 5 spell: Blade Hands
 11192 | Lair:2   | Found a staircase to the Swamp.
 11268 | Lair:2   | Found a frozen archway.
 11331 | IceCv    | Entered an ice cave
 11522 | IceCv    | Noticed a white draconian
 11532 | IceCv    | Killed a white draconian
 11619 | IceCv    | Identified the ring "Opopeisau" {rElec rF+ Will+ Dex+3
                  | Slay+3}
 11629 | IceCv    | Identified the ring of Punes {Wiz Will+ Int+3}
 11836 | Lair:2   | Found a staircase to the Snake Pit.
 12226 | Lair:2   | Reached XP level 13. HP: 95/95 MP: 19/19
 12899 | Lair:3   | Reached ****** piety under Cheibriados
 13731 | Lair:4   | Noticed Rupert
 13927 | Lair:4   | Found a blossoming altar of Fedhas.
 14321 | Lair:5   | Entered Level 5 of the Lair of Beasts
 14579 | Lair:5   | Noticed Nessos
 14586 | Lair:5   | Killed Nessos
 14777 | Lair:5   | Reached skill level 10 in Dodging
 14963 | Lair:5   | Reached XP level 14. HP: 101/101 MP: 20/20
 15399 | Lair:5   | Found a corrupted altar of Lugonu.
 15399 | Lair:5   | Found a one-way gate to the infinite horrors of the Abyss.
 15406 | Lair:5   | Identified the +8 triple sword of the Stained God {venom,
                  | Drain Str+10 SInv}
 15742 | Lair:5   | Found a staircase to the Slime Pits.
 16340 | D:12     | Reached skill level 15 in Unarmed Combat
 16342 | D:12     | Learned a level 1 spell: Apportation
 16702 | D:12     | Learned a level 6 spell: Statue Form
 16823 | D:13     | Reached skill level 1 in Earth Magic
 17054 | D:13     | Noticed Snorg
 17062 | D:13     | Killed Snorg
 17153 | D:13     | Reached skill level 5 in Earth Magic
 18066 | D:14     | Found a portal to a secret trove of treasure.
 18298 | Orc:1    | Entered Level 1 of the Orcish Mines
 18310 | Orc:1    | Found Pakhah's Assorted Antiques.
 18321 | Orc:1    | Noticed Erolcha
 18324 | Orc:1    | Killed Erolcha
 18349 | Orc:1    | Bought an agate ring for 105 gold pieces
 18383 | Orc:1    | Found Lebial's Antique Weapon Emporium.
 18414 | Orc:1    | Noticed an orc warlord
 18422 | Orc:1    | Reached XP level 15. HP: 107/107 MP: 21/21
 18423 | Orc:1    | Killed an orc warlord
 18514 | Orc:1    | Found an ornate altar of the Wu Jian Council.
 18514 | Orc:1    | Found a transporter.
 18540 | Orc:1    | Found a transporter.
 18555 | Orc:1    | Found a transporter.
 18581 | Orc:1    | Found a transporter.
 18582 | Orc:1    | Found an ornate altar of the Wu Jian Council.
 18582 | Orc:1    | Noticed an orc warlord
 18736 | Orc:1    | Killed an orc warlord
 18869 | Orc:2    | Entered Level 2 of the Orcish Mines
 18869 | Orc:2    | Found Warifin's Antique Armour Boutique.
 18928 | Orc:2    | Found a dark tunnel.
 18942 | Volcano  | Entered a volcano
 19133 | Orc:2    | Found Pujisk's Antique Armour Shop.
 19134 | Orc:2    | Found Ixkikixi's Jewellery Shop.
 19135 | Orc:2    | Found Zyukurgh's Magic Scroll Shoppe.
 19448 | Orc:2    | Found a staircase to the Elven Halls.
 19588 | Orc:1    | Bought a fuming orange potion for 18 gold pieces
 19611 | Orc:2    | Bought the ring of Shadows {Umbra +Inv Stlth+} for 560 gold
                  | pieces
 19611 | Orc:2    | Found the ring of Shadows {Umbra +Inv Stlth+}
 19626 | Orc:2    | Bought a +6 ring of strength for 504 gold pieces
 19643 | Orc:2    | Bought a buckler for 175 gold pieces
 19658 | Orc:2    | Bought a shiny kite shield for 247 gold pieces
 19664 | Orc:2    | Bought a scroll of teleportation for 42 gold pieces
 19664 | Orc:2    | Bought a scroll of immolation for 56 gold pieces
 19687 | Orc:1    | Bought a potion of curing for 63 gold pieces
 19687 | Orc:1    | Bought a scroll of teleportation for 63 gold pieces
 19687 | Orc:1    | Bought a potion of curing for 63 gold pieces
 19839 | D:14     | Reached skill level 1 in Shields
 20052 | D:14     | Found a gate to the Vaults.
 20330 | D:14     | Reached skill level 10 in Invocations
 20530 | D:15     | Entered Level 15 of the Dungeon
 20654 | D:15     | Reached XP level 16. HP: 112/112 MP: 17/24
 21033 | D:15     | Found a staircase to the Depths.
 21369 | Snake:1  | Entered Level 1 of the Snake Pit
 21508 | Snake:1  | Identified the amulet of the Heavens {*Corrode Drain rPois
                  | Regen+ Str+8}
 21619 | Snake:1  | Reached skill level 5 in Shields
 22323 | Snake:2  | Noticed a nagaraja
 22329 | Snake:2  | Killed a nagaraja
 22525 | Snake:2  | Found a basalt altar of Yredelemnul.
 23318 | Snake:3  | Noticed Donald
 23324 | Snake:3  | Killed Donald
 23341 | Snake:3  | Noticed Mara
 23347 | Snake:3  | Killed Mara
 23352 | Snake:3  | Reached XP level 17. HP: 117/117 MP: 23/26
 23430 | Snake:3  | Noticed Vashnia
 23600 | Snake:3  | Killed Vashnia
 24225 | Snake:3  | Found Faveep Zegan's Tremendous Tomes.
 24234 | Snake:3  | Bought the Annotations on Geometries and the Charnel House
                  | for 1110 gold pieces
 24237 | Snake:3  | Learned a level 2 spell: Blink
 24514 | Snake:4  | Entered Level 4 of the Snake Pit
 24584 | Snake:4  | Reached skill level 1 in Translocations
 25406 | Snake:4  | Reached skill level 5 in Spellcasting
 25491 | Snake:4  | Reached XP level 18. HP: 117/124 MP: 23/27
 25509 | Snake:4  | Got a serpentine rune of Zot
 25655 | Swamp:1  | Entered Level 1 of the Swamp
 25682 | Swamp:1  | Reached skill level 1 in Stealth
 25797 | Swamp:1  | Reached skill level 5 in Stealth
 26309 | Swamp:1  | Reached skill level 1 in Evocations
 26326 | Swamp:2  | Noticed Aizul
 26335 | Swamp:2  | Killed Aizul
 26405 | Swamp:2  | Noticed Frances
 26414 | Swamp:2  | Killed Frances
 26425 | Swamp:2  | Noticed Mlioglotl
 26431 | Swamp:2  | Killed Mlioglotl
 26432 | Swamp:2  | Reached skill level 5 in Evocations
 27006 | Swamp:3  | Identified a scroll of acquirement
 27023 | Swamp:3  | Acquired the +0 buckler "Noan" {Str+2 Dex+2}
 27536 | Swamp:4  | Entered Level 4 of the Swamp
 27674 | Swamp:4  | Found a runed translucent gate.
 27674 | Swamp:4  | Found a runed translucent gate.
 27683 | Swamp:4  | Found a runed translucent gate.
 27702 | Swamp:4  | Noticed jasper's ghost (adept SpCj)
 27844 | Swamp:4  | Reached skill level 10 in Evocations
 27929 | Swamp:4  | Reached XP level 19. HP: 129/129 MP: 28/28
 27963 | Swamp:4  | Got a decaying rune of Zot
 28630 | Elf:1    | Entered Level 1 of the Elven Halls
 28697 | Elf:1    | Found Toceinoh's General Store.
 28705 | Elf:1    | Bought a scroll of acquirement for 624 gold pieces
 28705 | Elf:1    | Acquired the +2 hat "Ocsylewi" {rPois rN+}
 28956 | Elf:1    | Found Kiblu's Mass Market.
 29444 | Elf:2    | Paralysed by an air elemental for 1 turns
 29543 | Elf:2    | Found Reni's Jewellery Shoppe.
 29543 | Elf:2    | Found Eneiket's Book Boutique.
 29544 | Elf:2    | Found Tuhuymay's Jewellery Shoppe.
 29956 | Elf:2    | Found a runed translucent gate.
 29956 | Elf:2    | Found a runed translucent gate.
 29966 | Elf:2    | Found a runed translucent gate.
 30061 | Elf:3    | Entered Level 3 of the Elven Halls
 30408 | Elf:3    | Reached XP level 20. HP: 135/135 MP: 15/29
 30987 | Elf:3    | Identified the ring "Ecsustrea" {Fly rN+}
 31114 | Elf:3    | Identified the +9 chain mail of Hadjma {Drain Regen+ SInv}
 31206 | Elf:3    | Identified the +11 gold dragon scales of Pefai {+Inv rPois
                  | rF+ rC+}
 31220 | Elf:3    | Identified the +4 longbow of the Tentacled God {drain,
                  | rElec MP+9}
 31230 | Elf:3    | Found the +8 orange crystal plate armour {Archmagi, Int+3
                  | Clar}
 31234 | Elf:3    | Identified the +5 scale mail of the Old World {+Inv rF+
                  | rN+}
 31242 | Elf:3    | Identified the +0 cloak of Hadjma {rF++}
 31243 | Elf:3    | Identified the +0 pair of gloves of Amelioration {Str+6
                  | Dex+4}
 31261 | Elf:3    | Identified the +6 arbalest "Qualedimm" {drain, rElec Str+2}
 31275 | Elf:3    | Identified the +8 shortbow "Lorem Ipsum" {drain, rPois
                  | Int+3}
 31544 | Elf:2    | Bought a +4 ring of protection for 540 gold pieces
 31781 | Vaults:1 | Entered Level 1 of the Vaults
 31804 | Vaults:1 | Reached skill level 10 in Earth Magic
 32036 | Vaults:1 | Reached skill level 10 in Transmutations
 32763 | Vaults:1 | Reached XP level 21. HP: 79/140 MP: 30/30
 32958 | Vaults:1 | Found Oxzax's Magic Scroll Shop.
 32966 | Vaults:1 | Bought a scroll of blinking for 90 gold pieces
 32966 | Vaults:1 | Bought a scroll of teleportation for 36 gold pieces
 32966 | Vaults:1 | Bought a scroll of immolation for 48 gold pieces
 33594 | Vaults:2 | Found Veofoth's Magic Scroll Boutique.
 33603 | Vaults:2 | Bought a scroll of fear for 68 gold pieces
 33603 | Vaults:2 | Bought a scroll of teleportation for 51 gold pieces
 33603 | Vaults:2 | Bought 3 scrolls of fog for 204 gold pieces
 33848 | D:14     | You paid a toll of 4 scrolls of blinking to enter a
                  | treasure trove
 33849 | Trove    | Entered a treasure trove
 33857 | Trove    | Identified the +2 mace of Risk Management {venom, rF- Str+6
                  | Int+3}
 33859 | Trove    | Identified the +3 mace "Ebecuih" {venom, *Rage rF+ rC+
                  | Str+2}
 33875 | Trove    | Identified the +9 dagger "Qituphaz" {chaos, Dex+4 SInv}
 33876 | Trove    | Identified the +4 dagger of Sunlight {chaos, Int+6}
 33877 | Trove    | Identified the +7 whip of Inquiry {chaos, Fragile rElec
                  | rCorr Stlth+}
 33884 | Trove    | Identified the +10 short sword of Infection {flame, rCorr
                  | Int+3 Stlth+}
 33887 | Trove    | Identified the +11 short sword of the Howling One {flame,
                  | +Blink rElec rC+++ Dex-4}
 34190 | Vaults:2 | Found a staircase to the Crypt.
 34190 | Vaults:2 | Found an ancient bone altar of Kikubaaqudgha.
 34190 | Vaults:2 | Found a basalt altar of Yredelemnul.
 34327 | Crypt:1  | Entered Level 1 of the Crypt
 34933 | Crypt:1  | Got the Grimoire of Calculation
 35091 | Crypt:1  | Found a runed translucent door.
 35091 | Crypt:1  | Noticed Katt's ghost (adept MiFi)
 35320 | Crypt:1  | Killed Katt's ghost
 36123 | Crypt:3  | Entered Level 3 of the Crypt
 36401 | Crypt:3  | Reached XP level 22. HP: 146/146 MP: 31/31
 36526 | Crypt:3  | Found a staircase to the Tomb.
 36682 | Crypt:3  | Found the +9 sword of Zonguldrok {reap}
 36799 | Crypt:3  | Found a basalt altar of Yredelemnul.
 36926 | Crypt:3  | Noticed a profane servitor
 36933 | Crypt:3  | Killed a profane servitor
 36934 | Crypt:3  | Identified the +6 halberd "Topyga" {drain, rF+ rN+}
 36952 | Crypt:3  | Identified the +8 long sword of Domination {freeze, Dex+4}
 37461 | Crypt:3  | Identified the ring "Alygg" {rN+ Will+ Stlth+}
 37461 | Crypt:3  | Identified the ring of the Present {rC- rN+ Str+3 Int+3}
 38309 | Vaults:3 | Found Eduu's Weapon Boutique.
 38309 | Vaults:3 | Noticed Mennas
 38320 | Vaults:3 | Killed Mennas
 38392 | Vaults:3 | Found Pehufat's Magic Scroll Emporium.
 38395 | Vaults:3 | Bought a scroll of teleportation for 33 gold pieces
 38395 | Vaults:3 | Bought a scroll of teleportation for 33 gold pieces
 38395 | Vaults:3 | Bought a scroll of fog for 44 gold pieces
 38395 | Vaults:3 | Bought a scroll of fear for 44 gold pieces
 38395 | Vaults:3 | Bought a scroll of fear for 44 gold pieces
 38773 | Vaults:3 | Reached skill level 27 in Unarmed Combat
 38994 | Vaults:3 | Found Ypne's Antique Weapon Shoppe.
 39098 | Vaults:3 | Reached XP level 23. HP: 155/155 MP: 32/32
 40511 | Vaults:4 | Reached skill level 15 in Fighting
 41034 | Vaults:5 | Entered Level 5 of the Vaults
 41048 | Vaults:5 | Noticed an ancient lich
 41048 | Vaults:5 | Killed an ancient lich
 41076 | Vaults:5 | Noticed a dread lich
 41079 | Vaults:5 | Killed a dread lich
 41121 | Vaults:5 | Got a silver rune of Zot
 41123 | Vaults:5 | Identified the +7 chain mail "Assacw" {Contam +Inv Slay+2}
 41203 | Vaults:5 | Identified the +6 arbalest "Beubi" {heavy, rElec rF+}
 41215 | Vaults:5 | Reached XP level 24. HP: 160/175 MP: 22/32
 41216 | Vaults:5 | Noticed an ancient lich
 41223 | Vaults:5 | Noticed an ancient lich
 41228 | Vaults:5 | Noticed a dread lich
 41230 | Vaults:5 | Identified the ring "Fetwor" {+Blink rPois rC++ Will+
                  | Str-5}
 41241 | Vaults:5 | Identified the ring "Taucisos" {Dex+6 SInv}
 41245 | Vaults:5 | Killed an ancient lich
 41262 | Vaults:5 | Identified the +10 trident of Hitiecea {freeze, Str+3}
 41358 | Vaults:5 | Identified the +0 chain mail of the Iron City of Dis
                  | {Int+2}
 41374 | Vaults:5 | Killed an ancient lich
 41411 | Vaults:5 | Got the Compilation of Alteration
 41448 | Vaults:5 | Identified the staff of air "Terex" {Contam rElec rC+
                  | Will+}
 41473 | Vaults:5 | Killed a dread lich
 41631 | Vaults:5 | Identified the +5 chain mail of Negation {rCorr Dex+3}
 42482 | Depths:1 | Entered Level 1 of the Depths
 42849 | Depths:1 | Found a gateway to Hell.
 43314 | Depths:1 | Found a bloodstained altar of Trog.
 43784 | Elf:2    | Bought an Everburning Encyclopedia for 612 gold pieces
 43793 | Elf:2    | Learned a level 8 spell: Ignition
 44368 | Depths:2 | Found a one-way gateway to a ziggurat.
 44374 | Depths:2 | Reached skill level 1 in Fire Magic
 44454 | Depths:2 | Noticed a caustic shrike
 44456 | Depths:2 | Found Nyizan's Weapon Shop.
 44457 | Depths:2 | Killed a caustic shrike
 44585 | Depths:2 | Reached skill level 5 in Fire Magic
 44593 | Depths:2 | Reached XP level 25. HP: 191/191 MP: 26/32
 44908 | Depths:2 | Found a transporter.
 45063 | Depths:2 | Found a transporter.
 45236 | Depths:2 | Found a one-way gate leading to the halls of Pandemonium.
 45373 | Depths:2 | Identified the ring "Vepsi" {Wiz *Slow rN++ Str+5}
 45375 | Depths:2 | Identified the amulet of Pisux {Faith Dex+3}
 45390 | Depths:2 | Identified the ring of the Pariah {Ice Int+3}
 45878 | Depths:3 | Reached skill level 10 in Fire Magic
 46864 | Slime:1  | Entered Level 1 of the Pits of Slime
 46880 | Slime:2  | Gained mutation: You are vulnerable to cold. (rC-) [a
                  | shining eye]
 46881 | Slime:2  | Gained mutation: You occasionally lose the ability to drink
                  | potions when taking damage. [a shining eye]
 46881 | Slime:2  | Gained mutation: You sometimes lose your temper in combat.
                  | [a shining eye]
 46884 | Slime:2  | Gained mutation: You are dopey. (Int -2) [a shining eye]
 46901 | Lair:5   | Lost mutation: You occasionally lose the ability to drink
                  | potions when taking damage. [potion of mutation]
 46901 | Lair:5   | Lost mutation: You are vulnerable to cold. (rC-) [potion of
                  | mutation]
 46901 | Lair:5   | Gained mutation: You passively map a small area around you.
                  | [potion of mutation]
 46902 | Lair:5   | Lost mutation: You sometimes lose your temper in combat.
                  | [potion of mutation]
 46902 | Lair:5   | Lost mutation: You are dopey. (Int -2) [potion of mutation]
 46902 | Lair:5   | Gained mutation: You passively map the area around you.
                  | [potion of mutation]
 46902 | Lair:5   | Gained mutation: Your flesh is heat resistant. (rF+)
                  | [potion of mutation]
 47168 | Slime:5  | Entered Level 5 of the Pits of Slime
 47239 | Slime:5  | Noticed the Royal Jelly
 47239 | Slime:5  | Gained mutation: You sometimes lose your temper in combat.
                  | [a shining eye]
 47239 | Slime:5  | Gained mutation: You have an uncontrollable temper. [a
                  | shining eye]
 47244 | Slime:5  | Killed the Royal Jelly
 47290 | Slime:5  | Lost mutation: You have an uncontrollable temper. [potion
                  | of mutation]
 47290 | Slime:5  | Lost mutation: You passively map the area around you.
                  | [potion of mutation]
 47290 | Slime:5  | Lost mutation: You passively map a small area around you.
                  | [potion of mutation]
 47290 | Slime:5  | Gained mutation: You have hidden genetic potential. [potion
                  | of mutation]
 47291 | Slime:5  | Lost mutation: You sometimes lose your temper in combat.
                  | [potion of mutation]
 47291 | Slime:5  | Lost mutation: You have hidden genetic potential. [potion
                  | of mutation]
 47291 | Slime:5  | Gained mutation: You are partially covered in large bone
                  | plates. (SH +4) [potion of mutation]
 47291 | Slime:5  | Gained mutation: Your flesh is very heat resistant. (rF++)
                  | [potion of mutation]
 47312 | Slime:5  | Found the +3 hat of Pondering {ponderous, Will+ MP+10
                  | Int+5}
 47366 | Slime:5  | Got a slimy rune of Zot
 47408 | Slime:5  | Learned a level 7 spell: Dragon Form
 47871 | Depths:4 | Entered Level 4 of the Depths
 48131 | Depths:4 | Found a gate to the Realm of Zot.
 48292 | Depths:4 | Paralysed by a floating eye for 2 turns
 48369 | Depths:4 | Noticed a juggernaut
 48375 | Depths:4 | Killed a juggernaut
 48376 | Depths:4 | Reached XP level 26. HP: 198/198 MP: 32/32
 48384 | Depths:4 | Reached skill level 15 in Fire Magic
 48776 | Depths:4 | Found a shimmering blue altar of Sif Muna.
 49223 | Elf:1    | Bought a potion of lignification for 36 gold pieces
 49223 | Elf:1    | Bought a scroll of torment for 114 gold pieces
 49531 | Zig:1    | Entered Level 1 of a ziggurat
 49569 | Zig:2    | Entered Level 2 of a ziggurat
 49638 | Zig:3    | Entered Level 3 of a ziggurat
 49638 | Zig:3    | Noticed a juggernaut
 49645 | Zig:3    | Killed a juggernaut
 49654 | Zig:3    | Got the Omnibus of Malediction and the Summer
 49666 | Zig:4    | Entered Level 4 of a ziggurat
 49681 | Zig:4    | Identified the staff of fire "Huce" {rF+ Int+7}
 49720 | Zig:5    | Entered Level 5 of a ziggurat
 49725 | Zig:5    | Identified the +3 tower shield of the Trombone {Str-5 Dex+5
                  | Slay+3}
 49764 | Zig:6    | Entered Level 6 of a ziggurat
 49912 | Zig:7    | Entered Level 7 of a ziggurat
 49946 | Zig:7    | Identified the +2 pair of boots "Qaongiwo" {-Tele Rampage
                  | rElec rC++}
 49950 | Zig:7    | Identified the +2 war axe "Awaehe Uckech" {freeze, rF+
                  | rCorr}
 49951 | Zig:7    | Identified the staff of air "Daaffaxeat" {rElec rF+ rC+
                  | Will- Dex+9}
 49953 | Zig:7    | Identified the ring "Veqiarug" {MP+9 Str+2}
 49956 | Zig:7    | Identified the +1 chain mail of Feijeat {+Blink MP+9 Int+2
                  | Dex-3 SInv}
 49962 | Zig:8    | Entered Level 8 of a ziggurat
 49967 | Zig:8    | Noticed a dread lich
 49977 | Zig:8    | Killed a dread lich
 49986 | Zig:8    | Found the +11 Singing Sword {sonic wave}
 49997 | Zig:8    | Identified the +8 war axe "Ishoaco" {flame, rC+ rN+}
 50009 | Zig:9    | Entered Level 9 of a ziggurat
 50039 | Zig:9    | Got the Elucidation of the Collective Winter
 50054 | Zig:9    | Identified the +2 pair of gloves "Uviox" {rN+ Will+}
 50055 | Zig:9    | Identified the amulet of Ostraduuc {Spirit rN+ Regen+
                  | Str-5}
 50060 | Zig:9    | Acquired 326 gold pieces
 50065 | Zig:10   | Entered Level 10 of a ziggurat
 50070 | Zig:10   | Noticed Ditteqa the pandemonium lord
 50076 | Zig:10   | Gained mutation: You are frail. (-10% HP) [a cacodemon]
 50082 | Zig:11   | Entered Level 11 of a ziggurat
 50183 | Zig:11   | Identified the +4 mace "Taitew" {antimagic, rElec}
 50192 | Zig:11   | Reached XP level 27. HP: 185/185 MP: 36/36
 50203 | Zig:12   | Entered Level 12 of a ziggurat
 50240 | Zig:12   | Identified the ring of Wyqiuj {Will+ EV+5 Str+2}
 50243 | Zig:12   | Identified the staff of fire "Nattoyt" {rElec rF+ Dex+3
                  | Stlth+}
 50251 | Zig:12   | Identified the +1 ring mail "Put-Me-On" {*Corrode rF- Int+7
                  | Stlth+}
 50279 | Zig:13   | Entered Level 13 of a ziggurat
 50296 | Zig:13   | Noticed a dread lich
 50302 | Zig:13   | Killed a dread lich
 50310 | Zig:13   | Reached skill level 15 in Dodging
 50314 | Zig:13   | Got the Papyrus of Rocky Production
 50324 | Zig:13   | Got the Omnibus of Despicable Ceremonies and Doom
 50344 | Zig:14   | Entered Level 14 of a ziggurat
 50377 | Zig:14   | Identified the ring of the Leaf {rF+ Will+ Dex+6}
 50384 | Zig:14   | Identified the ring "Analaemp" {rF+ rC- MP+9 Stlth+}
 50397 | Zig:14   | Identified the +0 chain mail "Kixyogiemo" {rElec rC- rCorr
                  | Stlth+}
 50413 | Zig:15   | Entered Level 15 of a ziggurat
 50430 | Zig:15   | Noticed a juggernaut
 50431 | Zig:15   | Noticed a juggernaut
 50434 | Zig:15   | Killed a juggernaut
 50434 | Zig:15   | Killed a juggernaut
 50456 | Zig:15   | Identified the +5 quarterstaff of Tartarus {holy, rPois
                  | Dex+3}
 50460 | Zig:15   | Identified the +0 plate armour of the Vaults {Str+6}
 50468 | Zig:15   | Got the Lessons on the Peccant Salamander
 50471 | Zig:15   | Identified the staff of cold "Cohif" {rElec rC+ Int+3}
 50485 | Zig:16   | Entered Level 16 of a ziggurat
 50510 | Zig:16   | Noticed Kum Piku the pandemonium lord
 50525 | Zig:16   | Killed Kum Piku the pandemonium lord
 50650 | Zig:16   | Found the +3 pair of seven-league boots {Rampage+∞}
 50666 | Zig:16   | Identified the +2 ring mail of the Eagle {-Cast Rampage
                  | +Blink Stlth+}
 50678 | Zig:16   | Identified the staff of death "Honun" {rPois rF++ rN+
                  | Dex-4}
 50691 | Zig:17   | Entered Level 17 of a ziggurat
 50707 | Zig:17   | Noticed a royal mummy
 50708 | Zig:17   | Noticed a royal mummy
 50710 | Zig:17   | Noticed a royal mummy
 50710 | Zig:17   | Noticed a royal mummy
 50710 | Zig:17   | Noticed a royal mummy
 50710 | Zig:17   | Noticed a royal mummy
 50711 | Zig:17   | Killed a royal mummy
 50711 | Zig:17   | Noticed a royal mummy
 50745 | Zig:17   | Killed a royal mummy
 50747 | Zig:17   | Killed a royal mummy
 50752 | Zig:17   | Killed a royal mummy
 50756 | Zig:17   | Killed a royal mummy
 50758 | Zig:17   | Killed a royal mummy
 50780 | Zig:17   | Killed a royal mummy
 50914 | Zig:17   | Identified the staff of conjuration "Bipput" {rElec rC+++
                  | Dex+2 Stlth+}
 50917 | Zig:17   | Got the Dissertation on Sparks
 50922 | Zig:17   | Identified the +3 scale mail of the Wary Gazing Hosts
                  | {Rampage +Blink}
 50926 | Zig:17   | Got Boeh's Reference Book on Formation and Darkness
 50930 | Zig:17   | Got the Secrets of the Transmuted Glacier
 50944 | Zig:17   | Learned a level 8 spell: Necromutation
 50951 | Zig:18   | Entered Level 18 of a ziggurat
 50962 | Zig:18   | Paralysed by an air elemental for 1 turns
 50976 | Zig:18   | Reached skill level 5 in Necromancy
 51005 | Zig:18   | Identified the +0 leather armour "Ukkam" {Str+3 Stlth+}
 51020 | Zig:18   | Identified the +1 plate armour "Hicies" {+Blink rPois
                  | Will++ Stlth+}
 51031 | Zig:19   | Entered Level 19 of a ziggurat
 51041 | Zig:19   | Noticed Weggauge the pandemonium lord
 51073 | Zig:19   | Killed Weggauge the pandemonium lord
 51113 | Zig:19   | Gained mutation: You are weak. (Str -2) [a cacodemon]
 51183 | Zig:19   | Identified the +3 troll leather armour of the Little Devil
                  | {rC- Regen+ Dex+6}
 51203 | Zig:19   | Got Zuibimn's Elucidation of Planar Charms
 51207 | Zig:19   | Identified the +2 robe of Iluqotuf {Int+6}
 51209 | Zig:19   | Identified the +6 chain mail "Zuolumuk" {Fly rPois rC+ rN+}
 51214 | Zig:19   | Identified the +1 ring mail of Repulsion {Will+ Dex+4}
 51234 | Zig:20   | Entered Level 20 of a ziggurat
 51310 | Zig:20   | Got Xoisonow's Commentary on Position
 51321 | Zig:20   | Identified the +10 orcbow "Getet" {drain, rC+ rCorr Dex+2}
 51340 | Zig:21   | Entered Level 21 of a ziggurat
 51411 | Zig:21   | Identified the +4 flail of the Glimmering Spider {flame,
                  | rCorr Int+4}
 51423 | Zig:21   | Identified the ring "Qeisorr" {rPois EV+5 Int-4 Slay+2
                  | Stlth+}
 51428 | Zig:21   | Identified the staff of poison "Ropox" {rPois Int+2}
 51434 | Zig:21   | Identified the +1 spear of Ypetioq {protect, Drain Dex+6}
 51450 | Zig:21   | Identified the +9 battleaxe of the Tooth {speed, Str+6
                  | Int-5}
 51458 | Zig:21   | Lost mutation: Your flesh is very heat resistant. (rF++)
                  | [potion of mutation]
 51458 | Zig:21   | Lost mutation: You are frail. (-10% HP) [potion of
                  | mutation]
 51458 | Zig:21   | Gained mutation: Your system is resistant to poisons.
                  | (rPois) [potion of mutation]
 51475 | Zig:22   | Entered Level 22 of a ziggurat
 51517 | Zig:22   | Gained mutation: You are dopey. (Int -2) [a shining eye]
 51531 | Zig:22   | Found the dreamshard necklace {Acrobat *Dream}
 51548 | Zig:22   | Identified the amulet of Agnosticism {RegenMP Str+2 Slay+3}
 51565 | Zig:22   | Got Axtaew's Spellbook of the Jaunt
 51572 | Zig:22   | Identified the +0 chain mail of Noxious Fun {+Blink rC-
                  | Str+2}
 51589 | Zig:22   | Identified the +6 storm dragon scales of Pan-Flutes {rElec
                  | Dex+4}
 51598 | Zig:23   | Entered Level 23 of a ziggurat
 51632 | Zig:23   | Noticed a dread lich
 51641 | Zig:23   | Killed a dread lich
 51643 | Zig:23   | Noticed an ancient lich
 51650 | Zig:23   | Killed an ancient lich
 51671 | Zig:23   | Found the +5 Storm Queen's Shield {shock, Fly rElec}
 51699 | Zig:23   | Identified the +0 ring mail of Ru, Usurping {rF+ Str+6}
 51702 | Zig:23   | Identified the +3 quarterstaff of Xazaila {heavy, rElec
                  | rPois rC+ Will-}
 51707 | Zig:23   | Identified the +3 flail "Barioboi" {venom, Dex+3}
 51738 | Zig:24   | Entered Level 24 of a ziggurat
 51751 | Zig:24   | Noticed an ancient lich
 51757 | Zig:24   | Killed an ancient lich
 51764 | Zig:24   | Noticed an ancient lich
 51764 | Zig:24   | Noticed a dread lich
 51764 | Zig:24   | Noticed an ancient lich
 51765 | Zig:24   | Noticed an ancient lich
 51765 | Zig:24   | Noticed a dread lich
 51766 | Zig:24   | Noticed an ancient lich
 51772 | Zig:25   | Entered Level 25 of a ziggurat
 51915 | Zig:25   | Reached skill level 27 in Fighting
 51937 | Zig:25   | Identified the ring "Neun" {Will+ Stlth+}
 51955 | Zig:25   | Identified the staff of conjuration "Jokhlio" {rCorr}
 51965 | Zig:25   | Identified the scarf of the Engineer {+Inv, *Slow Str+2
                  | Int+2 Dex+2}
 51986 | Zig:26   | Entered Level 26 of a ziggurat
 52004 | Zig:26   | Noticed an ancient lich
 52008 | Zig:26   | Killed an ancient lich
 52009 | Zig:26   | Noticed an ancient lich
 52019 | Zig:26   | Killed an ancient lich
 52024 | Zig:26   | Noticed a dread lich
 52027 | Zig:26   | Noticed an ancient lich
 52027 | Zig:26   | Noticed a dread lich
 52028 | Zig:26   | Noticed an ancient lich
 52029 | Zig:26   | Reached skill level 10 in Shields
 52029 | Zig:26   | Killed a dread lich
 52033 | Zig:26   | Killed a dread lich
 52037 | Zig:26   | Killed an ancient lich
 52039 | Zig:26   | Killed an ancient lich
 52039 | Zig:26   | Noticed an ancient lich
 52049 | Zig:26   | Killed an ancient lich
 52094 | Zig:26   | Identified the amulet "Yxubycs" {Reflect MP+9 SH+5}
 52096 | Zig:26   | Identified the +1 quarterstaff of the Wonderful God {pain,
                  | Drain rCorr Str+8 Int-5}
 52115 | Zig:26   | Identified the +6 morningstar "Dragon's Tongue" {antimagic,
                  | rN+}
 52121 | Zig:26   | Identified the amulet "Zotuab" {Reflect rC+ SH+5}
 52122 | Zig:26   | Identified the ring of Xom's Ringing Laughter {EV+5 Str+5
                  | Int-4}
 52126 | Zig:26   | Identified the +10 sling "Woxkop" {flame, Will+}
 52150 | Zig:27   | Entered Level 27 of a ziggurat
 52162 | Zig:27   | Noticed Heyny the pandemonium lord
 52165 | Zig:27   | Noticed Kufeevo the pandemonium lord
 52167 | Zig:27   | Killed Heyny the pandemonium lord
 52170 | Zig:27   | Noticed Hiekojon the pandemonium lord
 52171 | Zig:27   | Noticed Fiunteoluq the pandemonium lord
 52172 | Zig:27   | Noticed Yxko the pandemonium lord
 52172 | Zig:27   | Noticed Caor the pandemonium lord
 52175 | Zig:27   | Noticed Lautuekk the pandemonium lord
 52175 | Zig:27   | Noticed Jaagexak the pandemonium lord
 52175 | Zig:27   | Noticed Jaesh the pandemonium lord
 52175 | Zig:27   | Noticed Suqior the pandemonium lord
 52175 | Zig:27   | Noticed Iru Neqi the pandemonium lord
 52175 | Zig:27   | Noticed Qihaog the pandemonium lord
 52176 | Zig:27   | Noticed Utausch the pandemonium lord
 52177 | Zig:27   | Noticed Xuminiuh the pandemonium lord
 52177 | Zig:27   | Noticed Xutac the pandemonium lord
 52177 | Zig:27   | Noticed Sitwoy the pandemonium lord
 52177 | Zig:27   | Noticed Ydiecyxki the pandemonium lord
 52178 | Zig:27   | Noticed Vethera the pandemonium lord
 52178 | Zig:27   | Noticed Aseriuhoumn the pandemonium lord
 52178 | Zig:27   | Noticed Xaesy the pandemonium lord
 52178 | Zig:27   | Found the sphere of Battle
 52395 | Zot:1    | Entered Level 1 of the Realm of Zot
 53851 | Zot:1    | Acquired the +2 hat of Starshine {rN+ Regen+ MP-9 Slay+6}
 55149 | Zot:2    | Reached skill level 15 in Shields
 58035 | Zot:5    | Entered Level 5 of the Realm of Zot
 58329 | Zot:5    | Noticed an orb of fire
 58329 | Zot:5    | Gained mutation: Your spells are a little easier to cast,
                  | but a little less powerful. [an orb of fire]
 58332 | Zot:5    | Killed an orb of fire
 58333 | Zot:5    | Noticed a dread lich
 58354 | Zot:5    | Noticed an orb of fire
 58362 | Zot:5    | Killed an orb of fire
 58370 | Zot:5    | Noticed an ancient lich
 58377 | Zot:5    | Killed an ancient lich
 58418 | Zot:5    | Killed a dread lich
 58503 | Zot:5    | Noticed an orb of fire
 58507 | Zot:5    | Noticed an orb of fire
 58508 | Zot:5    | Killed an orb of fire
 58509 | Zot:5    | Noticed an orb of fire
 58509 | Zot:5    | Noticed an orb of fire
 58509 | Zot:5    | Noticed a dread lich
 58512 | Zot:5    | Killed an orb of fire
 58514 | Zot:5    | Killed an orb of fire
 58516 | Zot:5    | Killed an orb of fire
 58518 | Zot:5    | Noticed an orb of fire
 58519 | Zot:5    | Killed a dread lich
 58524 | Zot:5    | Killed an orb of fire
 58524 | Zot:5    | Lost mutation: You are dopey. (Int -2) [mutagenic glow]
 58577 | Zot:5    | Gained mutation: You occasionally lose the ability to read
                  | scrolls when taking damage. [mutagenic glow]
 58578 | Zot:5    | Lost mutation: Your system is resistant to poisons. (rPois)
                  | [potion of mutation]
 58578 | Zot:5    | Lost mutation: You occasionally lose the ability to read
                  | scrolls when taking damage. [potion of mutation]
 58578 | Zot:5    | Lost mutation: You are weak. (Str -2) [potion of mutation]
 58578 | Zot:5    | Lost mutation: Your flesh is heat resistant. (rF+) [potion
                  | of mutation]
 58578 | Zot:5    | Gained mutation: You are robust. (+10% HP) [potion of
                  | mutation]
 58578 | Zot:5    | Gained mutation: You have a pair of small antennae on your
                  | head. [potion of mutation]
 58594 | Zot:5    | Noticed an ancient lich
 58598 | Zot:5    | Killed an ancient lich
 58953 | Depths:3 | Voluntarily entered the Abyss.
 58953 | Abyss:1  | Found a corrupted altar of Lugonu.
 58991 | Abyss:1  | Found a corrupted altar of Lugonu.
 59073 | Abyss:2  | Found a corrupted altar of Lugonu.
 59128 | Abyss:2  | Found a corrupted altar of Lugonu.
 59209 | Abyss:3  | Found a corrupted altar of Lugonu.
 59209 | Abyss:3  | Found a corrupted altar of Lugonu.
 59276 | Abyss:3  | Paralysed by accursed screaming for 1 turns
 59383 | Abyss:3  | Found a burning altar of Makhleb.
 59383 | Abyss:3  | Found a burning altar of Makhleb.
 59383 | Abyss:3  | Found a burning altar of Makhleb.
 59383 | Abyss:3  | Found a burning altar of Makhleb.
 59383 | Abyss:3  | Found a burning altar of Makhleb.
 59383 | Abyss:3  | Found a burning altar of Makhleb.
 59395 | Abyss:3  | Found a burning altar of Makhleb.
 59395 | Abyss:3  | Found a burning altar of Makhleb.
 59398 | Abyss:3  | Found a burning altar of Makhleb.
 59399 | Abyss:3  | Found a sacrificial altar of Ru.
 59399 | Abyss:3  | Found a shimmering altar of Xom.
 59401 | Abyss:3  | Found a sparkling altar of Nemelex Xobeh.
 59403 | Abyss:3  | Found an opulent altar of Gozag.
 59403 | Abyss:3  | Found a shadowy altar of Dithmenos.
 59403 | Abyss:3  | Found a radiant altar of Vehumet.
 59404 | Abyss:3  | Found a stormy altar of Qazlal.
 59404 | Abyss:3  | Found a white marble altar of Elyvilon.
 59404 | Abyss:3  | Found a hazy altar of Hepliaklqana.
 59404 | Abyss:3  | Found a glowing silver altar of Zin.
 59405 | Abyss:3  | Found an iron altar of Okawaru.
 59405 | Abyss:3  | Found a hide-covered altar of Uskayaw.
 59408 | Abyss:3  | Found a snail-covered altar of Cheibriados.
 59408 | Abyss:3  | Found a blossoming altar of Fedhas.
 59408 | Abyss:3  | Found a bloodstained altar of Trog.
 59410 | Abyss:3  | Found a glowing golden altar of the Shining One.
 59410 | Abyss:3  | Found a shimmering blue altar of Sif Muna.
 59410 | Abyss:3  | Found a hide-covered altar of Uskayaw.
 59410 | Abyss:3  | Found an ornate altar of the Wu Jian Council.
 59418 | Abyss:3  | Found a basalt altar of Yredelemnul.
 59418 | Abyss:3  | Found an ornate altar of the Wu Jian Council.
 59418 | Abyss:3  | Found a broken altar of Ashenzari.
 59432 | Abyss:3  | Found a burning altar of Makhleb.
 59432 | Abyss:3  | Found a burning altar of Makhleb.
 59433 | Abyss:3  | Found a hide-covered altar of Uskayaw.
 59761 | Abyss:3  | Found a corrupted altar of Lugonu.
 59763 | Abyss:3  | Found a corrupted altar of Lugonu.
 59811 | Abyss:3  | Noticed an ancient lich
 59820 | Abyss:3  | Killed an ancient lich
 59858 | Abyss:3  | Gained mutation: You sometimes lose your temper in combat.
                  | [a neqoxec]
 59897 | Abyss:3  | Lost mutation: You are robust. (+10% HP) [a neqoxec]
 59922 | Abyss:3  | Got an abyssal rune of Zot
 59971 | Abyss:3  | Lost mutation: You have a pair of small antennae on your
                  | head. [potion of mutation]
 59971 | Abyss:3  | Lost mutation: You are partially covered in large bone
                  | plates. (SH +4) [potion of mutation]
 59971 | Abyss:3  | Lost mutation: Your spells are a little easier to cast, but
                  | a little less powerful. [potion of mutation]
 59971 | Abyss:3  | Gained mutation: One of your tentacles bears a spike.
                  | [potion of mutation]
 59971 | Abyss:3  | Gained mutation: You occasionally lose the ability to read
                  | scrolls when taking damage. [potion of mutation]
 59972 | Abyss:3  | Lost mutation: One of your tentacles bears a spike. [potion
                  | of mutation]
 59972 | Abyss:3  | Lost mutation: You sometimes lose your temper in combat.
                  | [potion of mutation]
 59972 | Abyss:3  | Gained mutation: You are frail. (-10% HP) [potion of
                  | mutation]
 59972 | Abyss:3  | Lost mutation: You are frail. (-10% HP) [potion of
                  | mutation]
 59972 | Abyss:3  | Gained mutation: You have a pair of small antennae on your
                  | head. [potion of mutation]
 59973 | Abyss:3  | Lost mutation: You occasionally lose the ability to read
                  | scrolls when taking damage. [potion of mutation]
 59973 | Abyss:3  | Lost mutation: You have a pair of small antennae on your
                  | head. [potion of mutation]
 59973 | Abyss:3  | Gained mutation: You are strong-willed. (Will+) [potion of
                  | mutation]
 59973 | Abyss:3  | Gained mutation: You are partially covered in iridescent
                  | scales. (AC +2) [potion of mutation]
 60053 | Depths:3 | Escaped the Abyss
 60080 | Pan      | Entered Pandemonium
 60168 | Pan      | Noticed Fil Waeg the pandemonium lord
 60170 | Pan      | Killed Fil Waeg the pandemonium lord
 60188 | Pan      | Identified the +8 morningstar of Qiatteol {elec, rN+ rCorr
                  | Int-5}
 60222 | Pan      | Noticed Ignacio
 60237 | Pan      | Killed Ignacio
 60250 | Pan      | Identified the +2 orcbow "Sithraewo" {freeze, rElec Str+3
                  | Dex+4}
 60336 | Pan      | Found an exit through the horrors of the Abyss.
 60397 | Pan      | Entered the realm of Mnoleg.
 60403 | Pan      | Gained mutation: You are dopey. (Int -2) [a cacodemon]
 60413 | Pan      | Gained mutation: Potions are less effective at restoring
                  | your health. [a cacodemon]
 60413 | Pan      | Gained mutation: You are very dopey. (Int -4) [a cacodemon]
 60475 | Pan      | Gained mutation: Your magical capacity is low. (-10% MP) [a
                  | neqoxec]
 60481 | Pan      | Noticed Mnoleg
 60490 | Pan      | Got a glowing rune of Zot
 60497 | Pan      | Killed Mnoleg
 60497 | Pan      | Gained mutation: You have hidden genetic defects. [a
                  | cacodemon]
 60627 | Pan      | Entered the realm of Lom Lobon.
 60829 | Pan      | Noticed Lom Lobon
 60856 | Pan      | Killed Lom Lobon
 60886 | Pan      | Got a magical rune of Zot
 61006 | Pan      | Gained mutation: You are frail. (-10% HP) [hidden defects]
 61009 | Pan      | Lost mutation: You are strong-willed. (Will+) [potion of
                  | mutation]
 61009 | Pan      | Lost mutation: You are frail. (-10% HP) [potion of
                  | mutation]
 61009 | Pan      | Lost mutation: You are very dopey. (Int -4) [potion of
                  | mutation]
 61009 | Pan      | Gained mutation: Your magical capacity is very low. (-20%
                  | MP) [potion of mutation]
 61009 | Pan      | Lost mutation: You have hidden genetic defects. [potion of
                  | mutation]
 61009 | Pan      | Gained mutation: You occasionally shout uncontrollably at
                  | your foes. [potion of mutation]
 61009 | Pan      | Gained mutation: You passively map a small area around you.
                  | [potion of mutation]
 61010 | Pan      | Lost mutation: You are dopey. (Int -2) [potion of mutation]
 61010 | Pan      | Lost mutation: You occasionally shout uncontrollably at
                  | your foes. [potion of mutation]
 61010 | Pan      | Gained mutation: You are agile. (Dex +4, Str/Int -1)
                  | [potion of mutation]
 61010 | Pan      | Gained mutation: Your spells are a little harder to cast,
                  | but a little more powerful. [potion of mutation]
 61010 | Pan      | Gained mutation: You are vulnerable to heat. (rF-) [potion
                  | of mutation]
 61010 | Pan      | Gained mutation: You expend magic power (3 MP) to
                  | strengthen your wands. [potion of mutation]
 61011 | Pan      | Lost mutation: You are agile. (Dex +4, Str/Int -1) [potion
                  | of mutation]
 61011 | Pan      | Lost mutation: You expend magic power (3 MP) to strengthen
                  | your wands. [potion of mutation]
 61011 | Pan      | Gained mutation: You are resistant to electric shocks.
                  | (rElec) [potion of mutation]
 61011 | Pan      | Gained mutation: You are frail. (-10% HP) [potion of
                  | mutation]
 61012 | Pan      | Lost mutation: You are vulnerable to heat. (rF-) [potion of
                  | mutation]
 61012 | Pan      | Lost mutation: You are frail. (-10% HP) [potion of
                  | mutation]
 61012 | Pan      | Lost mutation: Your magical capacity is very low. (-20% MP)
                  | [potion of mutation]
 61012 | Pan      | Gained mutation: Your body sometimes deteriorates upon
                  | taking damage. [potion of mutation]
 61013 | Pan      | Lost mutation: You are resistant to electric shocks.
                  | (rElec) [potion of mutation]
 61013 | Pan      | Lost mutation: Your spells are a little harder to cast, but
                  | a little more powerful. [potion of mutation]
 61013 | Pan      | Gained mutation: Your spells are a little harder to cast,
                  | but a little more powerful. [potion of mutation]
 61014 | Pan      | Lost mutation: Your spells are a little harder to cast, but
                  | a little more powerful. [potion of mutation]
 61014 | Pan      | Lost mutation: Potions are less effective at restoring your
                  | health. [potion of mutation]
 61014 | Pan      | Gained mutation: Your mind is acute. (Int +4, Str/Dex -1)
                  | [potion of mutation]
 61275 | Pan      | Found an opulent altar of Gozag.
 61275 | Pan      | Found Jainank's Superb Hardware.
 61275 | Pan      | Found Jainank's Assorted Sundries.
 61277 | Pan      | Gained mutation: You are frail. (-10% HP) [a neqoxec]
 61311 | Pan      | Found an opulent altar of Gozag.
 61338 | Pan      | Found an opulent altar of Gozag.
 61350 | Pan      | Bought a potion of ambrosia for 168 gold pieces
 61354 | Pan      | Noticed Jainank the pandemonium lord
 61356 | Pan      | Killed Jainank the pandemonium lord
 61369 | Pan      | Found Jainank's Jewellery Shoppe.
 61393 | Pan      | Bought a +6 ring of strength for 648 gold pieces
 61396 | Pan      | Found Jainank's Demonic Rune Depository.
 61808 | Pan      | Reached skill level 27 in Dodging
 62081 | Pan      | Found an exit through the horrors of the Abyss.
 62332 | Pan      | Noticed Zairug the pandemonium lord
 62345 | Pan      | Killed Zairug the pandemonium lord
 62515 | Pan      | Acquired Xoffem's Treatise on the Warped Syncline
 62544 | Pan      | Learned a level 9 spell: Shatter
 62574 | Pan      | Noticed Hookyn Gelae the pandemonium lord
 62585 | Pan      | Killed Hookyn Gelae the pandemonium lord
 62649 | Pan      | Entered the realm of Cerebov.
 62724 | Pan      | Found the +6 sword of Cerebov {flame}
 62724 | Pan      | Noticed Cerebov
 62757 | Pan      | Killed Cerebov
 62771 | Pan      | Got a fiery rune of Zot
 62874 | Pan      | Identified the ring of Impatience {rN+ Slay+3 SInv}
 62882 | Pan      | Identified the staff of earth "Ewizaav" {rPois rC+ Str-2
                  | Dex+5}
 62899 | Pan      | Identified the ring "Ruophu" {rN+ Will+ AC+4 SInv}
 62925 | Pan      | Identified the +0 spear of Inumael {heavy, rF+ Dex-4
                  | Stlth+}
 63089 | Pan      | Entered the realm of Gloorx Vloq.
 63125 | Pan      | Reached skill level 15 in Earth Magic
 63159 | Pan      | Noticed Gloorx Vloq
 63166 | Pan      | Killed Gloorx Vloq
 63174 | Pan      | Got a dark rune of Zot
 63257 | Pan      | Found an exit through the horrors of the Abyss.
 63266 | Pan      | Found a glowing silver altar of Zin.
 63520 | Pan      | Identified the ring "Gugorph" {Drain Fly rC+ Int+6 Stlth+}
 63520 | Pan      | Noticed a seraph
 63538 | Pan      | Killed a seraph
 63557 | Pan      | Found a glowing golden altar of the Shining One.
 63564 | Pan      | Identified the staff of air "Fueterre" {rElec Str+2 Int+2
                  | Dex-4}
 63566 | Pan      | Got a demonic rune of Zot
 63763 | Pan      | Found a white marble altar of Elyvilon.
 64035 | Depths:3 | Escaped Pandemonium
 64134 | Hell     | Entered the Vestibule of Hell
 64134 | Hell     | Noticed Geryon
 64144 | Hell     | Killed Geryon
 64267 | Hell     | Found a gateway to the Iron City of Dis.
 64277 | Dis:1    | Entered Level 1 of the Iron City of Dis
 64702 | Dis:3    | Found a burning altar of Makhleb.
 64722 | Dis:3    | Noticed an ancient lich
 64726 | Dis:3    | Killed an ancient lich
 64803 | Dis:3    | You fall into a shaft and drop 3 floors!
 64943 | Dis:7    | Entered Level 7 of the Iron City of Dis
 65142 | Dis:7    | Noticed a dread lich
 65146 | Dis:7    | Killed a dread lich
 65253 | Dis:7    | Identified the +8 rapier of Fieg {elec, rC+}
 65253 | Dis:7    | Noticed Dispater
 65263 | Dis:7    | Killed Dispater
 65264 | Dis:7    | Gained mutation: You occasionally lose the ability to read
                  | scrolls when taking damage. [a cacodemon]
 65266 | Dis:7    | Gained mutation: You are clumsy. (Dex -2) [a cacodemon]
 65274 | Dis:7    | Identified the +2 plate armour of Areylayd {rPois Regen+
                  | Str+4 Dex-2}
 65276 | Dis:7    | Got an iron rune of Zot
 65318 | Dis:7    | Lost mutation: You are frail. (-10% HP) [potion of
                  | mutation]
 65318 | Dis:7    | Lost mutation: You are clumsy. (Dex -2) [potion of
                  | mutation]
 65318 | Dis:7    | Gained mutation: You sometimes lose the ability to read
                  | scrolls when taking damage. [potion of mutation]
 65319 | Dis:7    | Lost mutation: You passively map a small area around you.
                  | [potion of mutation]
 65319 | Dis:7    | Lost mutation: Your mind is acute. (Int +4, Str/Dex -1)
                  | [potion of mutation]
 65319 | Dis:7    | Gained mutation: You are agile. (Dex +4, Str/Int -1)
                  | [potion of mutation]
 65319 | Dis:7    | Gained mutation: You have hidden genetic defects. [potion
                  | of mutation]
 65319 | Dis:7    | Lost mutation: You have hidden genetic defects. [potion of
                  | mutation]
 65319 | Dis:7    | Gained mutation: Your muscles are strong. (Str +4, Int/Dex
                  | -1) [potion of mutation]
 65500 | Hell     | Found a gateway to the freezing wastes of Cocytus.
 65533 | Coc:1    | Entered Level 1 of Cocytus
 65700 | Coc:4    | Paralysed by a wendigo for 1 turns
 65707 | Coc:4    | Paralysed by a wendigo for 1 turns
 65753 | Coc:5    | You are sucked into a shaft and drop 1 floor!
 65779 | Coc:6    | Reached skill level 27 in Shields
 65862 | Coc:7    | Entered Level 7 of Cocytus
 66189 | Coc:7    | Identified the ring of Xeuteh {EV+5 Dex+3}
 66189 | Coc:7    | Noticed Antaeus
 66198 | Coc:7    | Killed Antaeus
 66208 | Coc:7    | Got an icy rune of Zot
 66339 | Hell     | Found a gateway to the decaying netherworld of Tartarus.
 66350 | Tar:1    | Entered Level 1 of Tartarus
 66354 | Tar:1    | Noticed a dread lich
 66360 | Tar:1    | Killed a dread lich
 66684 | Tar:7    | Entered Level 7 of Tartarus
 66849 | Tar:7    | Got the Guidebook on Niveous Calling
 66854 | Tar:7    | Identified the +4 pair of boots of Huic {Harm rC+ Str-2
                  | Dex+3}
 66977 | Tar:7    | Reached skill level 10 in Stealth
 67059 | Tar:7    | Reached skill level 15 in Stealth
 67059 | Tar:7    | Identified the +1 longbow of Subterfuge {freeze, rElec
                  | Str+2}
 67076 | Tar:7    | Identified the amulet of Hima {Reflect Drain rC+ Str+2
                  | SH+5}
 67086 | Tar:7    | Identified the +0 robe "Hutybi" {Rampage rElec rCorr Str-4}
 67092 | Tar:7    | Identified the +11 falchion of Capital Punishment {pain,
                  | rN++ Int-5 Dex+5}
 67095 | Tar:7    | Identified the ring "Neurhyun" {Ice Slay+2}
 67130 | Tar:7    | Identified the +6 shortbow "Daulei" {speed, rC+}
 67131 | Tar:7    | Identified the ring of Limoeru {rC+ Int+3 Dex+6}
 67144 | Tar:7    | Identified the +2 tower shield "Coihuti" {Contam Fly rC+++
                  | MP-9}
 67148 | Tar:7    | Got Jyxoog's Codex of Contaminated Cryomancy
 67155 | Tar:7    | Identified the staff of conjuration "Xirite" {Will+ MP+9
                  | Int-3 Dex+3}
 67399 | Tar:7    | Noticed Ereshkigal
 67408 | Tar:7    | Killed Ereshkigal
 67437 | Tar:7    | Got a bone rune of Zot
 67638 | Hell     | Found a gateway to the ashen valley of Gehenna.
 67744 | Geh:1    | Entered Level 1 of Gehenna
 67921 | Geh:4    | HP: 10/224 [hell hog/fireball (4)]
 67921 | Geh:4    | Killed from afar by a hell hog

Illustrated notes

Levels and vault maps discovered:
D:1:      giann_wishing_wells, layout_basic, nicolae_figureground_pulse
D:2:      kennysheep_six_static_rooms, layout_basic
D:3:      layout_basic, mainiacjoe_overflow_small_starburst,
          lemuel_crystal_altar, hellmonk_ecumenical_altar_arch_garden,
          minmay_goblin_kobold_house
D:4:      layout_basic
D:5:      black_bear_nest_2, layout_basic, minmay_temple_entry_fiery
D:6:      layout_loops_ring, nicolae_yredelemnul_ghost_church, minmay_puff
D:7:      layout_basic, nicolae_ossuary_entry_giza, serial_shops, shop,
          minmay_splitting_lines, serial_bayou_pond_e
D:8:      layout_loops_corners
D:9:      layout_rooms, uniq_grum, uniq_maggie
D:10:     layout_roguey, orc_0_dummy, uniq_joseph, uniq_lodul, uniq_josephine,
          uniq_harold
D:11:     layout_roguey, david_lair_generic
D:12:     layout_rooms
D:13:     layout_roguey [special_room_orc], uniq_snorg
D:14:     layout_loops_ring, grunt_vaults_entry_tiered,
          nicolae_trove_entry_free_sample
D:15:     grunt_enter_depths_hoard, layout_basic, st_stairs_6
Temple:   hellmonk_temple_divided_pantheon
Lair:1:   layout_cave_pods
Lair:2:   layout_cave_shapes, skrybe_swamp_entry_bodies,
          minmay_snake_entry_guardpost_small, portal_ice_cave_demonic_guard
Lair:3:   layout_gridlike
Lair:4:   layout_hall_layers, tgw_fedhas, uniq_rupert
Lair:5:   hellmonk_lair_end_abyssal_woods, layout_regular_city,
          dpeg_slime_entry_corner, uniq_nessos
Swamp:1:  layout_falls_marsh, evilmike_swamp_ruin_house_2, swamp_pool5,
          nicolae_swamp_very_dense_foliage
Swamp:2:  layout_basic_swamp, hangedman_swamp_ruin_hall, swamp_pool1,
          nicolae_swamp_round_clearing, uniq_frances, uniq_mlioglotl, uniq_aizul
Swamp:3:  layout_basic_swamp, hangedman_swamp_blocks, swamp_pool4,
          hangedman_swamp_diagram
Swamp:4:  swamp_basic_johnstein, layout_basic_swamp, ebering_ghost_rock_garden,
          swamp_pool2
Snake:1:  layout_onion, grunt_megastairs_4
Snake:2:  layout_chambers, basic_altar
Snake:3:  layout_layer_cave, nicolae_shop_i_like_big_books, drop_trap,
          uniq_vashnia, uniq_mara, uniq_donald
Snake:4:  minmay_snake_end_coiled, layout_cave_town, grunt_ministairs_11,
          chequers_hall_statues_wall_a
Slime:1:  layout_caves, cheibrodos_slime_lost_civilization_7
Slime:2:  layout_caves, nicolae_slime_getting_an_eyeful
Slime:3:  layout_caves
Slime:4:  layout_caves, cheibrodos_slime_lost_civilization_6
Slime:5
Orc:1:    dreamdust_wu_jian_sword_trials, layout_caves, serial_shops,
          shop_coins, nicolae_shop_rolling_square, uniq_erolcha
Orc:2:    st_orc_open, layout_caves, enter_volcano_1
Elf:1:    minmay_elf_arrival_plus, layout_geoelf_octagon, serial_shops,
          nicolae_shop_competitors_out_of_business, serial_glass,
          glass_columns_c, glass_columns_b,
          hangedman_elven_crosses_minicolossus, minmay_misc_feat_diagonals,
          grunt_ministairs_8, minmay_shop_mass
Elf:2:    nicolae_elf_blades_splatter_lattice [nicolae_blade_entry_pointy_end],
          layout_gridlike, minmay_shop_grove, uniq_nikola
Elf:3:    minmay_elf_hall_quartered_circle, layout_geoelf_castle,
          nrook_mini_backslash, elf_orc_summit_meeting
Vaults:1: nicolae_vaults_cornered_office, nicolae_vaults_know_your_exits,
          v_alt_pattern_3, nicolae_vaults_closet_pinwheel_4, v_misc_12,
          nicolae_vaults_network_s, nicolae_vaults_puzzle_piece,
          vaults_mumra_minichess_inversion, v_misc_8,
          vaults_room_stairs_pillars, nicolae_vaults_little_squares_6,
          nicolae_vaults_layer_cake_slice, nicolae_vaults_variable_pillar_hall,
          nicolae_vaults_diamond_2, layout_vaults_big_cross, serial_shops,
          nicolae_shop_peninsula
Vaults:2: nicolae_vaults_wine_cellar, minmay_crypt_entry_necro_gods,
          nicolae_vaults_network_quinsquares
          [nicolae_vaults_network_quincunx_subvault,
          nicolae_vaults_network_quincunx_subvault,
          nicolae_vaults_network_quincunx_subvault,
          nicolae_vaults_network_quincunx_subvault],
          nicolae_vaults_trapezoid_lopsided_3, nicolae_vaults_prndl,
          ontoclasm_vaults_spin, nicolae_vaults_three_branches,
          vaults_room_fours, nicolae_vaults_storage_room_doors,
          nicolae_vaults_windows_and_doors_thing, nicolae_vaults_cochlea,
          ontoclasm_vaults_ligature, layout_vaults_omnigrid, serial_shops, shop
Vaults:3: ontoclasm_vaults_bender, nicolae_vaults_variable_pillar_hall_cross,
          ontoclasm_vaults_ring_small, nicolae_vaults_trapezoid_lopsided_4,
          nicolae_vaults_double_plus_2, hangedman_vaults_pinch,
          nicolae_vaults_taking_the_gang_shopping, v_rooms_5,
          nicolae_vaults_triangles, vaults_dpeg_hooks, st_quartered_hall,
          vaults_mumra_chevron, vaults_standard_mumra_enter_the_diamond,
          dpeg_vaults_monster_row, layout_vaults_omnibox, serial_shops,
          nicolae_shop_rolled_up, nicolae_shop_crystal, uniq_mennas
Vaults:4: v_pattern_1, vaults_room_door_ring, nicolae_vaults_tangram_2,
          nicolae_vaults_ring_of_whatevers, nicolae_vaults_statue_guard,
          nicolae_vaults_little_squares_2, v_misc_24, nicolae_vaults_tangram_2,
          nicolae_vaults_tetromino_L_1, nicolae_vaults_tetromino_L_1,
          ontoclasm_vaults_pinch, nicolae_vaults_closet_pinwheel_3,
          vaults_room_large_hall, nicolae_vaults_closet_pinwheel_4,
          nicolae_vaults_weapon_check, nicolae_vaults_storage_closets_1,
          layout_vaults_chaotic_city
Vaults:5: serial_shops
Crypt:1:  layout_misc_corridors, special_room [special_room_morgue],
          ebering_ghost_inner_flame, grunt_megastairs_1
Crypt:2:  layout_gridlike
Crypt:3:  evilmike_haunted_forest
Depths:1: layout_cave_shapes, grunt_hell_entry_dis_mu, lemuel_round_altar,
          amcnicky_mini_pool_medium
Depths:2: gammafunk_its_a_trap, layout_basic, enter_ziggurat_a,
          hangedman_abyss_or_decor_clamps, grunt_pan_entry_zigzag, hell_entry,
          kennysheep_small_square
Depths:3: kennysheep_funnel, layout_honeycomb, amcnicky_mini_pool_small,
          pan_entry, abyss_entry, lightli_too_deep, minmay_staircase_bubble,
          serial_bayou_shore_a
Depths:4: grunt_zot_entry_bicorn, layout_long_grid, hell_entry,
          minmay_misc_feat_nine_boxes, grunt_ministairs_14,
          nicolae_sif_muna_little_library
Hell
Dis:1:    layout_regular_city
Dis:2:    grunt_dis_stairs_iron_hall
Dis:3:    kennysheep_iron_temple, layout_regular_city
Dis:6:    layout_jigsaw
Dis:7:    iron_city_of_dis [dis_grunt, dis_wall_4], layout_gridville
Geh:1:    layout_gehenna_lava_caves
Geh:2:    layout_gehenna_lava_caves
Geh:3:    layout_gehenna_pools_box
Geh:4:    nicolae_geh_tyrants_menagerie, layout_gehenna_pools_triple,
          hangedman_elemental_grid_stream
Coc:1:    layout_cocytus_water_paths
Coc:2:    layout_cocytus_water_paths
Coc:3:    layout_ice_bergs
Coc:4:    layout_cocytus_delve
Coc:5:    layout_cocytus_delve
Coc:6:    layout_ice_bergs
Coc:7:    coc_hangedman
Tar:1:    layout_cathedral_of_symmetry
Tar:2:    layout_honeycomb
Tar:3:    layout_grid_maze
Tar:4:    layout_catacombs, nicolae_tar_cuneiform_two,
          nicolae_hells_hurtin_island
Tar:5:    layout_honeycomb
Tar:6:    layout_cathedral_of_symmetry
Tar:7:    tar_mu [tar_mu_maze]
Zot:1:    layout_cathedral_of_symmetry
Zot:2:    layout_concentric_octagons
Zot:3:    layout_concentric_octagons, grunt_megastairs_2
Zot:4:    layout_cathedral_of_symmetry
Zot:5:    layout_misc_corridors

Skill      XL: |  1  2  3  4  5  6  7  8  9 10 11 12 13 14 15 16 17 18 19 20 21 22 23 24 25 26 27 |
---------------+----------------------------------------------------------------------------------+-----
Transmutations | 3 4 5 6 7 9 11 14 | 14.7
Fighting       | 6 7 9 11 12 17 20 21 27 | 27.0
Dodging        | 4 6 11 12 27 | 27.0
Unarmed Combat | 6 8 10 11 13 14 15 17 19 21 23 25 27 | 27.0
Poison Magic   | 4 6 |  6.2
Ice Magic      | 2 4 |  4.8
Invocations    | 2 8 10 12 | 12.6
Spellcasting   | 3 5 9 |  9.6
Earth Magic    | 7 9 11 12 22 | 22.9
Shields        | 2 5 27 | 27.0
Translocations | 3 |  3.0
Stealth        | 7 20 | 20.0
Evocations     | 11 12 | 12.7
Fire Magic     | 5 14 15 22 | 22.4
Necromancy     | 14 | 14.2

Action                     |  1- 3 |  4- 6 |  7- 9 | 10-12 | 13-15 | 16-18 | 19-21 | 22-24 | 25-27 || total
---------------------------+-------+-------+-------+-------+-------+-------+-------+-------+-------++-------
  Melee: Short sword       |    37 |     6 |       |       |       |       |       |       |       ||    43
         Constrict         |    13 |    12 |    15 |     4 |    47 |    72 |    95 |    94 |   363 ||   715
         Kick              |     7 |       |       |       |       |       |       |       |       ||     7
         Tentacles         |     5 |     5 |    11 |     4 |    60 |   123 |   128 |   144 |   545 ||  1025
         Unarmed           |     1 |    89 |   243 |   358 |   589 |   510 |   565 |   635 |  2753 ||  5743
         Punch             |     2 |     2 |     2 |     2 |    12 |    72 |    85 |   123 |   535 ||   835
         Tailslap          |       |       |       |       |       |       |       |       |    51 ||    51
         Bite              |       |       |       |       |       |       |       |       |    32 ||    32
         Staff             |       |       |       |       |       |       |       |       |     2 ||     2
  Throw: Boomerang         |     9 |       |     1 |     1 |       |       |       |       |       ||    11
   Cast: Beastly Appendage |    16 |       |       |     1 |       |       |       |       |       ||    17
         Spider Form       |       |     8 |    11 |       |     1 |       |       |       |       ||    20
         Wereblood         |       |     1 |     6 |    16 |    24 |    18 |     7 |     9 |    65 ||   146
         Ice Form          |       |       |    10 |    38 |    40 |       |       |       |       ||    88
         Statue Form       |       |       |       |       |    29 |    64 |    75 |    71 |   178 ||   417
         Dragon Form       |       |       |       |       |       |       |       |       |    29 ||    29
         Blade Hands       |       |       |       |       |       |       |       |       |     1 ||     1
         Blink             |       |       |       |       |       |       |       |       |     7 ||     7
         Ignition          |       |       |       |       |       |       |       |       |    53 ||    53
         Apportation       |       |       |       |       |       |       |       |       |     3 ||     3
 Invoke: Temporal Distorti |       |       |       |     1 |     3 |     6 |     4 |     4 |    30 ||    48
         Slouch            |       |       |       |       |     4 |     2 |     3 |     1 |    15 ||    25
         Bend Time         |       |       |       |       |     1 |       |       |       |     2 ||     3
         Step From Time    |       |       |       |       |       |     1 |       |     4 |     4 ||     9
Ability: End Transformatio |       |     1 |       |     1 |     1 |       |       |       |     9 ||    12
         Evoke Invisibilit |       |       |       |       |       |       |       |     1 |     5 ||     6
  Evoke: Wand              |       |       |       |     3 |       |       |       |       |     9 ||    12
         Condenser vane    |       |       |       |       |     1 |       |     1 |     1 |       ||     3
         Lightning rod     |       |       |       |       |       |       |     4 |       |     1 ||     5
    Use: Scroll            |     5 |     8 |     9 |     7 |     8 |     3 |     2 |     2 |    41 ||    85
         Potion            |     1 |     1 |       |     4 |       |       |       |    10 |    41 ||    57
   Stab: Sleeping          |     8 |     5 |     5 |       |     9 |    16 |    40 |    15 |    45 ||   143
         Distracted        |       |       |     1 |     1 |       |     3 |     5 |     5 |    29 ||    44
         Paralysed         |       |       |       |     2 |       |       |       |       |       ||     2
         Confused          |       |       |       |       |       |       |     1 |       |       ||     1
         Invisible         |       |       |       |       |       |       |       |     2 |     9 ||    11
 Armour: Skin              |     1 |       |    19 |    76 |   106 |   198 |   190 |   175 |   512 ||  1277
  Dodge: Dodged            |    14 |    56 |   152 |   217 |   636 |   901 |   808 |   817 |  4319 ||  7920
  Block: Buckler           |       |       |       |       |    26 |   369 |   301 |   329 |  1666 ||  2691
         Kite shield       |       |       |       |       |       |       |       |       |   915 ||   915

Table legend: (Time is in decaauts)
 A = Elapsed time spent in this place.
 B = Non-inter-level travel time spent in this place.
 C = Inter-level travel time spent in this place.
 D = Time resting spent in this place.
 E = Time spent auto-exploring this place.
 F = Levels seen in this place.
 G = Mean time per level.
                   A        B        C        D        E       F      G
               +--------+--------+--------+--------+--------+-----+--------+
         Total | 120578 | 104389 |  16189 |   3529 |  63372 | 130 |  927.5 |
       Dungeon |  23455 |  17650 |   5805 |    968 |  13200 |  15 | 1563.7 |
        Temple |     36 |     36 |      0 |      0 |      0 |   1 |   36.0 |
          Lair |   9287 |   8132 |   1155 |    227 |   6630 |   5 | 1857.4 |
         Swamp |   5803 |   5582 |    221 |     31 |   4127 |   4 | 1450.8 |
     Snake Pit |   8647 |   8177 |    470 |    259 |   6406 |   4 | 2161.8 |
    Slime Pits |   1081 |    993 |     88 |      4 |    226 |   5 |  216.2 |
  Orcish Mines |   2741 |   2068 |    673 |     40 |   1263 |   2 | 1370.5 |
   Elven Halls |   6136 |   5267 |    869 |     78 |   3420 |   3 | 2045.3 |
        Vaults |  14453 |  12815 |   1638 |    174 |   9691 |   5 | 2890.6 |
         Crypt |   6737 |   6246 |    491 |      0 |   4499 |   3 | 2245.7 |
        Depths |  10881 |   7875 |   3006 |    162 |   6418 |   4 | 2720.2 |
          Hell |    498 |    498 |      0 |     72 |      0 |   1 |  498.0 |
           Dis |   2031 |   1672 |    359 |    163 |     41 |   5 |  406.2 |
       Gehenna |    286 |    286 |      0 |      0 |      0 |   4 |   71.5 |
       Cocytus |   1363 |   1363 |      0 |    144 |      0 |   7 |  194.7 |
      Tartarus |   2552 |   1805 |    747 |     68 |      0 |   7 |  364.6 |
           Zot |   8945 |   8282 |    663 |    263 |   6534 |   5 | 1789.0 |
         Abyss |   1972 |   1972 |      0 |     79 |      0 |   3 |  657.3 |
   Pandemonium |   7932 |   7932 |      0 |     18 |    801 |  16 |  495.8 |
      Ziggurat |   4480 |   4480 |      0 |    632 |      0 |  27 |  165.9 |
         Trove |    115 |    115 |      0 |      0 |      0 |   1 |  115.0 |
       Ossuary |    201 |    201 |      0 |      0 |      0 |   1 |  201.0 |
      Ice Cave |    566 |    566 |      0 |    142 |    112 |   1 |  566.0 |
       Volcano |    369 |    369 |      0 |      0 |      0 |   1 |  369.0 |
               +--------+--------+--------+--------+--------+-----+--------+

Top non-repeatable levels by time:
Vaults:2: 3326 daAuts
    D:14: 3311 daAuts
Vaults:4: 3308 daAuts
Depths:2: 3040 daAuts
 Crypt:3: 3030 daAuts
    D:15: 2951 daAuts
Depths:3: 2885 daAuts
Vaults:3: 2776 daAuts
    D:13: 2719 daAuts
Depths:1: 2688 daAuts
   Elf:3: 2621 daAuts
 Snake:2: 2613 daAuts
  Lair:5: 2603 daAuts
Vaults:5: 2571 daAuts
Vaults:1: 2470 daAuts
